Workbook
Name orcamento: 'Anexo V'!#REF!
Name orcamento: #REF!

Sheet Anexo IV
C1: PREFEITURA MUNICIPAL DE SÃO GONÇALO
C2: SECRETARIA MUNICIPAL DE DESENVOLVIMENTO URBANO
E4: MÊS/ANO REF. i0= | G4: EMOP - 07/2022
A5: SERVIÇOS DE COMPLEMENTAÇÃO DE INFRAESTRUTURA INCLUINDO OS SERVIÇOS DE DRENAGEM E PAVIMENTAÇÃO DO ACESSO A AV. FRANCISCO DE AZEREDO COUTINHO - SITUADO EM TRECHO DA NA AV. EUGENIO BORGES JUNTO A RJ 106 - BAIRRO IPIIBA , MUNICIPIO DE SÃO GONÇALO – RJ.
E6: VALOR DA OBRA | G6: =H84 -> 3474533.7
C8: PLANILHA ORÇAMENTARIA | E8: PRAZO DA OBRA | G8: 06 MESES | H8: BDI = 28,57%
A10: ITEM | B10: CÓDIGO | C10: DESCRIÇÃO | D10: FONTE | E10: UND | F10: QUANTIDADE | G10: PREÇO UNITÁRIO R$ | H10: PREÇO TOTAL R$
A11: 1 | B11: SERVIÇOS DE ESCRITORIO, LABORATORIO E CAMPO | G11: SUBTOTAL | H11: =TRUNC(H12+H13+H14+H15+H16+H17+H18+H19+H21+H22+H23+H24+H25+H26+H20,2) -> 400134.47
A12: 1.1 | B12: ='Anexo V'!C13 -> 02.004.0004-A | C12: =VLOOKUP(B12,'DESCRIÇÃO EMOP'!A:B,2,FALSE) -> BARRACAO OBRA C/PAREDES CHAPAS MADEIRA COMPENSADA,PLASTIF.,LISA,COLAGEM FENOLICA,PROVA D`AGUA, COM 10MM ESP.PISO E ESTRUTURA MADEIRA 3ª,COBERTURA TELHAS ONDULADAS 6MM,FIBROCIMENTO,EXCL.PINT.E LIGACOES PROVISORIAS,INCL.INST.,APARELHOS, ESQUADRIAS E FERRAG.,PROJ.Nº2007/EMOP,ESCRITORIO,SANITARIOS,DEPOSITOS E TORRE C/CAIXA D`AGUA 500L,REAPROVEITADO 5 VEZES | D12: EMOP | E12: =VLOOKUP(B12,'DESCRIÇÃO EMOP'!A:C,3,FALSE) -> M2 | F12: ='Anexo V'!C15 -> 96 | G12: =VLOOKUP(B12,'EMOP 07-22'!A:B,2,FALSE) -> 391.62 | H12: =TRUNC(F12*G12,2) -> 37595.52 | J12: =H12/$H$83 -> 0.013911668
A13: 1.2 | B13: ='Anexo V'!C17 -> 01.016.0085-A | C13: =VLOOKUP(B13,'DESCRIÇÃO EMOP'!A:B,2,FALSE) -> LEVANTAMENTO PLANIALTIMETRICO CADASTRAL DE AREA URBANA OU SUBURBANA,DESTINADA A REGULARIZACAO FUNDIARIA,PROJETOS VIARIOSE DE INFRAESTRUTURA,URBANIZACAO E ASSEMELHADOS,UTILIZANDO POLIGONAL III PAC,DESENHO NA ESCALA DE 1:250 A 1:100,EM AREASDENSAMENTE OCUPADAS(ACIMA DE 50% DE QUADRAS),EM AREAS ACIMADE 10000M2 | D13: EMOP | E13: =VLOOKUP(B13,'DESCRIÇÃO EMOP'!A:C,3,FALSE) -> M2 | F13: ='Anexo V'!C20 -> 5088 | G13: =VLOOKUP(B13,'EMOP 07-22'!A:B,2,FALSE) -> 2.4 | H13: =TRUNC(F13*G13,2) -> 12211.2 | J13: =H13/$H$83 -> 0.0045185746
A14: 1.3 | B14: ='Anexo V'!C22 -> 02.002.0011-A | C14: =VLOOKUP(B14,'DESCRIÇÃO EMOP'!A:B,2,FALSE) -> TAPUME DE VEDACAO OU PROTECAO,EXECUTADO COM TELHAS TRAPEZOIDAIS DE ACO GALVANIZADO,ESPESSURA DE 0,5MM,ESTAS COM 2 VEZESDE UTILIZACAO,INCLUSIVE ENGRADAMENTO DE MADEIRA,UTILIZADO 2VEZES E PINTURA ESMALTE SINTETICO NAS FACES INTERNA E EXTERNA | D14: EMOP | E14: =VLOOKUP(B14,'DESCRIÇÃO EMOP'!A:C,3,FALSE) -> M2 | F14: ='Anexo V'!C25 -> 110 | G14: =VLOOKUP(B14,'EMOP 07-22'!A:B,2,FALSE) -> 61.82 | H14: =TRUNC(F14*G14,2) -> 6800.2 | J14: =H14/$H$83 -> 0.0025163138
A15: 1.4 | B15: ='Anexo V'!C27 -> 02.020.0001-A | C15: =VLOOKUP(B15,'DESCRIÇÃO EMOP'!A:B,2,FALSE) -> PLACA DE IDENTIFICACAO DE OBRA PUBLICA,INCLUSIVE PINTURA E SUPORTES DE MADEIRA.FORNECIMENTO E COLOCACAO | D15: EMOP | E15: =VLOOKUP(B15,'DESCRIÇÃO EMOP'!A:C,3,FALSE) -> M2 | F15: ='Anexo V'!C30 -> 6 | G15: =VLOOKUP(B15,'EMOP 07-22'!A:B,2,FALSE) -> 539.41 | H15: =TRUNC(F15*G15,2) -> 3236.46 | J15: =H15/$H$83 -> 0.0011976043
A16: 1.5 | B16: 011737 | C16: =ADM!A7 -> Administração Local do canteiro de obras: Mão de obra da administração local inclusive acompanhamento | D16: COMPOSIÇÃO | E16: MES | F16: =ADM!F25 -> 100 | G16: =ADM!H25 -> 2888.7408 | H16: =TRUNC(F16*G16,2) -> 288874.08 | J16: =H16/$H$83 -> 0.1068936
A17: 1.6 | B17: ='Anexo V'!C39 -> 01.001.0040-A | C17: =VLOOKUP(B17,'DESCRIÇÃO EMOP'!A:B,2,FALSE) -> SONDAGEM MANUAL,COM TRADO CAVADEIRA,POR METRO LINEAR OU FRACAO | D17: EMOP | E17: =VLOOKUP(B17,'DESCRIÇÃO EMOP'!A:C,3,FALSE) -> M | F17: ='Anexo V'!C42 -> 11 | G17: =VLOOKUP(B17,'EMOP 07-22'!A:B,2,FALSE) -> 177.3 | H17: =TRUNC(F17*G17,2) -> 1950.3 | J17: =H17/$H$83 -> 0.00072167977
A18: 1.7 | B18: ='Anexo V'!C44 -> 01.001.0014-A | C18: =VLOOKUP(B18,'DESCRIÇÃO EMOP'!A:B,2,FALSE) -> INDICE SUPORTE CALIFORNIA,POR 1 PONTO,COMPACTACAO COM ENERGIA PROCTOR NORMAL | D18: EMOP | E18: =VLOOKUP(B18,'DESCRIÇÃO EMOP'!A:C,3,FALSE) -> UN | F18: ='Anexo V'!C47 -> 11 | G18: =VLOOKUP(B18,'EMOP 07-22'!A:B,2,FALSE) -> 812.82 | H18: =TRUNC(F18*G18,2) -> 8941.02 | J18: =H18/$H$83 -> 0.0033084927
A19: 1.8 | B19: ='Anexo V'!C49 -> 01.001.0071-A | C19: =VLOOKUP(B19,'DESCRIÇÃO EMOP'!A:B,2,FALSE) -> ENSAIO DE CARACTERIZACAO GEOTECNICA DE SOLOS,COM UTILIZACAODE DILATOMETRO,EXCLUSIVE PERFURACAO | D19: EMOP | E19: =VLOOKUP(B19,'DESCRIÇÃO EMOP'!A:C,3,FALSE) -> UN | F19: ='Anexo V'!C52 -> 11 | G19: =VLOOKUP(B19,'EMOP 07-22'!A:B,2,FALSE) -> 544.41 | H19: =TRUNC(F19*G19,2) -> 5988.51 | J19: =H19/$H$83 -> 0.0022159599
A20: 1.9 | B20: 01.050.0190-A | C20: =VLOOKUP(B20,'DESCRIÇÃO EMOP'!A:B,2,FALSE) -> PROJETO EXECUTIVO DE VIA PARA VEICULOS E PEDESTRES EM RUAS EAVENIDAS URBANAS,COM CALCADAS EM AMBOS OS LADOS E 2 FAIXASDE ROLAMENTO COM LARGURA MAXIMA DE 13M,APRESENTADO EM AUTOCAD NOS PADROES DA CONTRATANTE | D20: EMOP | E20: =VLOOKUP(B20,'DESCRIÇÃO EMOP'!A:C,3,FALSE) -> HA | F20: ='Anexo V'!B60 -> 0.52 | G20: =VLOOKUP(B20,'EMOP 07-22'!A:B,2,FALSE) -> 8870.86 | H20: =TRUNC(F20*G20,2) -> 4612.84 | J20: =H20/$H$83 -> 0.0017069135
A21: 1.10 | B21: ='Anexo V'!C64 -> 01.050.0153-A | C21: =VLOOKUP(B21,'DESCRIÇÃO EMOP'!A:B,2,FALSE) -> ELABORACAO DE MICRO E MESODRENAGEM (VAZAO ATE 10M3/SEG) EMCONFORMIDADE COM AS NORMAS ESTABELECIDAS PELA RIO-AGUAS.SERVICOS MEDIDOS POR KM DE PROJETO EFETIVAMENTE CONCLUIDO,OS QUAIS APOS APROVACAO SERAO ENTREGUES A FISCALIZACAO SENDO A MEMORIA CALCULO DIGITALIZADA,DESENHOS EM AUTOCAD (ORIGINAL EM MEIO DIGITAL,UMA VIA PLOTADA EM VEGETAL,DUAS EM PAPEL OPACO) | D21: EMOP | E21: =VLOOKUP(B21,'DESCRIÇÃO EMOP'!A:C,3,FALSE) -> KM | F21: ='Anexo V'!C67 -> 0.528 | G21: =VLOOKUP(B21,'EMOP 07-22'!A:B,2,FALSE) -> 19566.63 | H21: =TRUNC(F21*G21,2) -> 10331.18 | J21: =H21/$H$83 -> 0.0038229009
A22: 1.11 | B22: ='Anexo V'!C69 -> 02.006.0050-A | C22: =VLOOKUP(B22,'DESCRIÇÃO EMOP'!A:B,2,FALSE) -> ALUGUEL DE BANHEIRO QUIMICO,PORTATIL,MEDINDO 2,31M ALTURA X1,56M LARGURA E 1,16M PROFUNDIDADE,INCLUSIVE INSTALACAO E RETIRADA DO EQUIPAMENTO,FORNECIMENTO DE QUIMICA DESODORIZANTE,BACTERICIDA E BACTERIOSTATICA,PAPEL HIGIENICO E VEICULO PROPRIO COM UNIDADE MOVEL DE SUCCAO PARA LIMPEZA | D22: EMOP | E22: =VLOOKUP(B22,'DESCRIÇÃO EMOP'!A:C,3,FALSE) -> UNXMES | F22: ='Anexo V'!C72 -> 6 | G22: =VLOOKUP(B22,'EMOP 07-22'!A:B,2,FALSE) -> 1100 | H22: =TRUNC(F22*G22,2) -> 6600 | J22: =H22/$H$83 -> 0.0024422327
A23: 1.12 | B23: ='Anexo V'!C79 -> 02.015.0001-A | C23: =VLOOKUP(B23,'DESCRIÇÃO EMOP'!A:B,2,FALSE) -> INSTALACAO E LIGACAO PROVISORIA PARA ABASTECIMENTO DE AGUA EESGOTAMENTO SANITARIO EM CANTEIRO DE OBRAS,INCLUSIVE ESCAVACAO,EXCLUSIVE REPOSICAO DA PAVIMENTACAO DO LOGRADOURO PUBLICO | D23: EMOP | E23: =VLOOKUP(B23,'DESCRIÇÃO EMOP'!A:C,3,FALSE) -> UN | F23: ='Anexo V'!C82 -> 1 | G23: =VLOOKUP(B23,'EMOP 07-22'!A:B,2,FALSE) -> 4315.01 | H23: =TRUNC(F23*G23,2) -> 4315.01 | J23: =H23/$H$83 -> 0.0015967059
A24: 1.13 | B24: ='Anexo V'!C84 -> 02.016.0001-A | C24: =VLOOKUP(B24,'DESCRIÇÃO EMOP'!A:B,2,FALSE) -> INSTALACAO E LIGACAO PROVISORIA DE ALIMENTACAO DE ENERGIA ELETRICA,EM BAIXA TENSAO,PARA CANTEIRO DE OBRAS,M3-CHAVE 100A,CARGA 3KW,20CV,EXCLUSIVE O FORNECIMENTO DO MEDIDOR | D24: EMOP | E24: =VLOOKUP(B24,'DESCRIÇÃO EMOP'!A:C,3,FALSE) -> UN | F24: ='Anexo V'!C87 -> 1 | G24: =VLOOKUP(B24,'EMOP 07-22'!A:B,2,FALSE) -> 2241.39 | H24: =TRUNC(F24*G24,2) -> 2241.39 | J24: =H24/$H$83 -> 0.00082939334
A25: 1.14 | B25: ='Anexo V'!C89 -> 01.001.0206-A | C25: =VLOOKUP(B25,'DESCRIÇÃO EMOP'!A:B,2,FALSE) -> CONTROLE DE COMPACTACAO,POR PONTO(METODO DO ANEL) | D25: EMOP | E25: =VLOOKUP(B25,'DESCRIÇÃO EMOP'!A:C,3,FALSE) -> UN | F25: ='Anexo V'!C93 -> 22 | G25: =VLOOKUP(B25,'EMOP 07-22'!A:B,2,FALSE) -> 57.4 | H25: =TRUNC(F25*G25,2) -> 1262.8 | J25: =H25/$H$83 -> 0.00046728053
A26: 1.15 | B26: ='Anexo V'!C95 -> 01.001.0302-A | C26: =VLOOKUP(B26,'DESCRIÇÃO EMOP'!A:B,2,FALSE) -> DETERMINACAO DA DEFORMACAO DE PAVIMENTOS COM O AUXILIO DA VIGA BENKELMANN,POR PONTO | D26: EMOP | E26: =VLOOKUP(B26,'DESCRIÇÃO EMOP'!A:C,3,FALSE) -> UN | F26: ='Anexo V'!C99 -> 44 | G26: =VLOOKUP(B26,'EMOP 07-22'!A:B,2,FALSE) -> 117.59 | H26: =TRUNC(F26*G26,2) -> 5173.96
A27: 2 | B27: MESO E MICRO DRENAGEM PLUVIAL | G27: SUBTOTAL | H27: =TRUNC(H28+H29+H30+H33+H34+H35+H36+H37+H38+H41+H42+H43+H44+H49+H55+H56+H58,2) -> 649790.75
A28: 2.1 | B28: ='Anexo V'!C112 -> 02.020.0009-A | C28: =VLOOKUP(B28,'DESCRIÇÃO EMOP'!A:B,2,FALSE) -> SEMAFORO PARA SINALIZACAO DE BLOQUEIO DE OBRA NA VIA PUBLICA,DE ACORDO COM A RESOLUCAO DA PREFEITURA-RJ,COMPREENDENDO FORNECIMENTO E COLOCACAO DE TODOS OS MATERIAIS NECESSARIOS,INCLUSIVE MATERIAIS ELETRICOS,CONSIDERANDO 40 VEZES O REAPROVEITAMENTO DA MADEIRA | D28: EMOP | E28: =VLOOKUP(B28,'DESCRIÇÃO EMOP'!A:C,3,FALSE) -> UN | F28: ='Anexo V'!C115 -> 18 | G28: =VLOOKUP(B28,'EMOP 07-22'!A:B,2,FALSE) -> 108.75 | H28: =TRUNC(F28*G28,2) -> 1957.5 | J28: =H28/$H$83 -> 0.00072434403
A29: 2.2 | B29: ='Anexo V'!C117 -> 02.030.0005-A | C29: =VLOOKUP(B29,'DESCRIÇÃO EMOP'!A:B,2,FALSE) -> PLACA DE SINALIZACAO PREVENTIVA PARA OBRA NA VIA PUBLICA,DEACORDO COM A RESOLUCAO DA PREFEITURA-RJ, COMPREENDENDO FORNECIMENTO E PINTURA DA PLACA E DOS SUPORTES DE MADEIRA.FORNECIMENTO E COLOCACAO | D29: EMOP | E29: =VLOOKUP(B29,'DESCRIÇÃO EMOP'!A:C,3,FALSE) -> UN | F29: ='Anexo V'!C120 -> 10 | G29: =VLOOKUP(B29,'EMOP 07-22'!A:B,2,FALSE) -> 93.33 | H29: =TRUNC(F29*G29,2) -> 933.3 | J29: =H29/$H$83 -> 0.00034535391
A30: 2.3 | B30: ='Anexo V'!C122 -> 02.011.0014-A | C30: =VLOOKUP(B30,'DESCRIÇÃO EMOP'!A:B,2,FALSE) -> CERCA PROTETORA DE BORDA DE VALA OU OBRA,COM TELA PLASTICA NA COR LARANJA OU AMARELA,CONSIDERANDO 1 VEZ DE UTILIZACAO,INCLUSIVE APOIOS,FORNECIMENTO,COLOCACAO E RETIRADA | D30: EMOP | E30: =VLOOKUP(B30,'DESCRIÇÃO EMOP'!A:C,3,FALSE) -> M2 | F30: ='Anexo V'!C125 -> 640 | G30: =VLOOKUP(B30,'EMOP 07-22'!A:B,2,FALSE) -> 2.07 | H30: =TRUNC(F30*G30,2) -> 1324.8 | J30: =H30/$H$83 -> 0.00049022272
A31: 2.4 | B31: 02.020.0005-A | C31: =VLOOKUP(B31,'DESCRIÇÃO EMOP'!A:B,2,FALSE) -> BARRAGEM DE BLOQUEIO DE OBRA NA VIA PUBLICA,DE ACORDO COM ARESOLUCAO DA PREFEITURA-RJ,COMPREENDENDO FORNECIMENTO,COLOCACAO E PINTURA DOS SUPORTES DE MADEIRA COM REAPROVEITAMENTO DO CONJUNTO 40 (QUARENTA) VEZES | D31: EMOP | E31: =VLOOKUP(B31,'DESCRIÇÃO EMOP'!A:C,3,FALSE) -> M | F31: ='Anexo V'!C135 -> 12.8 | G31: =VLOOKUP(B31,'EMOP 07-22'!A:B,2,FALSE) -> 3.39 | H31: =TRUNC(F31*G31,2) -> 43.39 | J31: =H31/$H$83 -> 1.605583e-05
A32: 2.4 | B32: ='Anexo V'!C128 -> 02.020.0005-A | C32: =VLOOKUP(B32,'DESCRIÇÃO EMOP'!A:B,2,FALSE) -> BARRAGEM DE BLOQUEIO DE OBRA NA VIA PUBLICA,DE ACORDO COM ARESOLUCAO DA PREFEITURA-RJ,COMPREENDENDO FORNECIMENTO,COLOCACAO E PINTURA DOS SUPORTES DE MADEIRA COM REAPROVEITAMENTO DO CONJUNTO 40 (QUARENTA) VEZES | D32: EMOP | E32: =VLOOKUP(B32,'DESCRIÇÃO EMOP'!A:C,3,FALSE) -> M | F32: ='Anexo V'!C136 -> 0 | G32: =VLOOKUP(B32,'EMOP 07-22'!A:B,2,FALSE) -> 3.39 | H32: =TRUNC(F32*G32,2) -> 0 | J32: =H32/$H$83 -> 0
A33: 2.4 | B33: ='Anexo V'!C138 -> 03.001.0001-B | C33: =VLOOKUP(B33,'DESCRIÇÃO EMOP'!A:B,2,FALSE) -> ESCAVACAO MANUAL DE VALA/CAVA EM MATERIAL DE 1ª CATEGORIA (A(AREIA,ARGILA OU PICARRA),ATE 1,50M DE PROFUNDIDADE,EXCLUSIVE ESCORAMENTO E ESGOTAMENTO | D33: EMOP | E33: =VLOOKUP(B33,'DESCRIÇÃO EMOP'!A:C,3,FALSE) -> M3 | F33: ='Anexo V'!C157 -> 153 | G33: =VLOOKUP(B33,'EMOP 07-22'!A:B,2,FALSE) -> 53.23 | H33: =TRUNC(F33*G33,2) -> 8144.19 | J33: =H33/$H$83 -> 0.0030136375 | L33: =F33*40% -> 61.2
A34: 2.5 | B34: ='Anexo V'!C159 -> 03.015.0010-A | C34: =VLOOKUP(B34,'DESCRIÇÃO EMOP'!A:B,2,FALSE) -> REATERRO DE VALA/CAVA COM PO-DE-PEDRA,INCLUSIVE FORNECIMENTODO MATERIAL E COMPACTACAO MANUAL | D34: EMOP | E34: =VLOOKUP(B34,'DESCRIÇÃO EMOP'!A:C,3,FALSE) -> M3 | F34: ='Anexo V'!C207 -> 1126.098 | G34: =VLOOKUP(B34,'EMOP 07-22'!A:B,2,FALSE) -> 164.93 | H34: =TRUNC(F34*G34,2) -> 185727.34 | J34: =H34/$H$83 -> 0.068725665
A35: 2.6 | B35: ='Anexo V'!C209 -> 03.016.0015-B | C35: =VLOOKUP(B35,'DESCRIÇÃO EMOP'!A:B,2,FALSE) -> ESCAVACAO MECANICA DE VALA NAO ESCORADA,EM MATERIAL DE 1ªCATEGORIA,ATE 1,50M DE PROFUNDIDADE,UTILIZANDO RETRO-ESCAVADEIRA,EXCLUSIVE ESGOTAMENTO | D35: EMOP | E35: =VLOOKUP(B35,'DESCRIÇÃO EMOP'!A:C,3,FALSE) -> M3 | F35: ='Anexo V'!C228 -> 716.4 | G35: =VLOOKUP(B35,'EMOP 07-22'!A:B,2,FALSE) -> 10.67 | H35: =TRUNC(F35*G35,2) -> 7643.98 | J35: =H35/$H$83 -> 0.0028285421
A36: 2.7 | B36: ='Anexo V'!C230 -> 03.016.0018-B | C36: =VLOOKUP(B36,'DESCRIÇÃO EMOP'!A:B,2,FALSE) -> ESCAVACAO MECANICA DE VALA NAO ESCORADA,EM MATERIAL DE 1ªCATEGORIA,ENTRE 1,50 E 3,00M DE PROFUNDIDADE,UTILIZANDO RETRO-ESCAVADEIRA,EXCLUSIVE ESGOTAMENTO | D36: EMOP | E36: =VLOOKUP(B36,'DESCRIÇÃO EMOP'!A:C,3,FALSE) -> M3 | F36: ='Anexo V'!C248 -> 210 | G36: =VLOOKUP(B36,'EMOP 07-22'!A:B,2,FALSE) -> 12.93 | H36: =TRUNC(F36*G36,2) -> 2715.3 | J36: =H36/$H$83 -> 0.0010047567
A37: 2.8 | B37: ='Anexo V'!C250 -> 04.011.0051-B | C37: =VLOOKUP(B37,'DESCRIÇÃO EMOP'!A:B,2,FALSE) -> CARGA E DESCARGA MECANICA,COM PA-CARREGADEIRA,COM 1,30M3 DECAPACIDADE,UTILIZANDO CAMINHAO BASCULANTE A OLEO DIESEL,COMCAPACIDADE UTIL DE 8T,CONSIDERADOS PARA O CAMINHAO OS TEMPOSDE ESPERA,MANOBRA,CARGA E DESCARGA E PARA A CARREGADEIRA OSTEMPOS DE ESPERA E OPERACAO PARA CARGAS DE 50T POR DIA DE 8H | D37: EMOP | E37: =VLOOKUP(B37,'DESCRIÇÃO EMOP'!A:C,3,FALSE) -> T | F37: ='Anexo V'!C254 -> 1942.92 | G37: =VLOOKUP(B37,'EMOP 07-22'!A:B,2,FALSE) -> 14.43 | H37: =TRUNC(F37*G37,2) -> 28036.33 | J37: =H37/$H$83 -> 0.010374431 | L37: =F37*40% -> 777.168 | N37: =L37+L66 -> 2748.368
A38: 2.9 | B38: ='Anexo V'!C256 -> 04.005.0121-A | C38: =VLOOKUP(B38,'DESCRIÇÃO EMOP'!A:B,2,FALSE) -> TRANSPORTE DE CARGA DE QUALQUER NATUREZA,EXCLUSIVE AS DESPESAS DE CARGA E DESCARGA,TANTO DE ESPERA DO CAMINHAO COMO DO SERVENTE OU EQUIPAMENTO AUXILIAR,A VELOCIDADE MEDIA DE 40KM/H,EM CAMINHAO BASCULANTE A OLEO DIESEL,COM CAPACIDADE UTIL DE8T | D38: EMOP | E38: =VLOOKUP(B38,'DESCRIÇÃO EMOP'!A:C,3,FALSE) -> T X KM | F38: ='Anexo V'!C259 -> 19429.2 | G38: =VLOOKUP(B38,'EMOP 07-22'!A:B,2,FALSE) -> 1.35 | H38: =TRUNC(F38*G38,2) -> 26229.42 | J38: =H38/$H$83 -> 0.0097058103 | L38: =F38*40% -> 7771.68 | N38: =L38+L68 -> 10480.32
A39: 2.12 | B39: 05.002.0001-A | C39: =VLOOKUP(B39,'DESCRIÇÃO EMOP'!A:B,2,FALSE) -> DEMOLICAO,COM EQUIPAMENTO DE AR COMPRIMIDO,DE PISOS OU PAVIMENTOS DE CONCRETO SIMPLES,INCLUSIVE EMPILHAMENTO LATERAL DENTRO DO CANTEIRO DE SERVICO | D39: EMOP | E39: =VLOOKUP(B39,'DESCRIÇÃO EMOP'!A:C,3,FALSE) -> M3 | F39: ='Anexo V'!C275 -> 0 | G39: =VLOOKUP(B39,'EMOP 07-22'!A:B,2,FALSE) -> 172.67 | H39: =TRUNC(F39*G39,2) -> 0 | J39: =H39/$H$83 -> 0
A40: 2.13 | B40: 05.002.0008-A | C40: =VLOOKUP(B40,'DESCRIÇÃO EMOP'!A:B,2,FALSE) -> DEMOLICAO COM EQUIPAMENTO DE AR COMPRIMIDO,DE PAVIMENTACAO DE CONCRETO ASFALTICO,COM 10CM DE ESPESSURA,EM FAIXAS DE ATE1,20M DE LARGURA,INCLUSIVE EMPILHAMENTO LATERAL DENTRO DO CANTEIRO DE SERVICO | D40: EMOP | E40: =VLOOKUP(B40,'DESCRIÇÃO EMOP'!A:C,3,FALSE) -> M2 | F40: ='Anexo V'!C282 -> 0 | G40: =VLOOKUP(B40,'EMOP 07-22'!A:B,2,FALSE) -> 44.12 | H40: =TRUNC(F40*G40,2) -> 0 | J40: =H40/$H$83 -> 0
A41: 2.10 | B41: ='Anexo V'!C261 -> TC.09.05.0700/ | C41: =VLOOKUP(B41,'DESCRIÇÃO EMOP'!A:B,2,FALSE) -> DISPOSIÇÃO FINAL DE MATERIAIS E RESIDUOS DE OBRAS EM LOCAIS DE OPERAÇÃO E DISPOSIÇÃO FINAL APROPRIADOS, AUTORIZADOS E/OU LICENCIADOS PELOS ORGÃOS DE LICENCIAMENTO E DE CONTROLE AMBIENTAL, MEDIDA POR TONELADA TRANSPORTADA, SENDO COMPROVADA CONFORME LEGISLAÇÃO PERTINENTE (DESONERADO) | D41: SCO | E41: =VLOOKUP(B41,'DESCRIÇÃO EMOP'!A:C,3,FALSE) -> T | F41: ='Anexo V'!C265 -> 1942.92 | G41: =VLOOKUP(B41,'EMOP 07-22'!A:B,2,FALSE) -> 15 | H41: =TRUNC(F41*G41,2) -> 29143.8 | J41: =H41/$H$83 -> 0.010784234
A42: 2.11 | B42: ='Anexo V'!C284 -> 05.010.0005-A | C42: =VLOOKUP(B42,'DESCRIÇÃO EMOP'!A:B,2,FALSE) -> ESGOTAMENTO DE VALA MEDIDO PELA POTENCIA INSTALADA E PELO TEMPO DE FUNCIONAMENTO | D42: EMOP | E42: =VLOOKUP(B42,'DESCRIÇÃO EMOP'!A:C,3,FALSE) -> CVxH | F42: ='Anexo V'!C287 -> 616 | G42: =VLOOKUP(B42,'EMOP 07-22'!A:B,2,FALSE) -> 6.03 | H42: =TRUNC(F42*G42,2) -> 3714.48 | J42: =H42/$H$83 -> 0.0013744886
A43: 2.12 | B43: ='Anexo V'!C289 -> 06.015.0030-A | C43: =VLOOKUP(B43,'DESCRIÇÃO EMOP'!A:B,2,FALSE) -> CAIXA DE RALO EM ALVENARIA DE BLOCOS DE CONCRETO(20X20X40CM),EM PAREDES DE 0,20M DE ESPESSURA,DE 0,30X0,90X0,90M,PARA AGUAS PLUVIAIS,SENDO AS PAREDES CHAPISCADAS E REVESTIDAS INTERNAMENTE COM ARGAMASSA,ENCHIMENTO DOS BLOCOS E BASE EM CONCRETO SIMPLES FCK=10MPA E GRELHA DE FERRO FUNDIDO DE 135KG,INCLUSIVE FORNECIMENTO DE TODOS OS MATERIAIS | D43: EMOP | E43: =VLOOKUP(B43,'DESCRIÇÃO EMOP'!A:C,3,FALSE) -> UN | F43: ='Anexo V'!C293 -> 18 | G43: =VLOOKUP(B43,'EMOP 07-22'!A:B,2,FALSE) -> 929.86 | H43: =TRUNC(F43*G43,2) -> 16737.48 | J43: =H43/$H$83 -> 0.0061934578
A44: 2.13 | B44: ='Anexo V'!C295 -> 06.004.0062-A | C44: =VLOOKUP(B44,'DESCRIÇÃO EMOP'!A:B,2,FALSE) -> TUBO DE CONCRETO ARMADO,CLASSE PA-1(NBR 8890/03),PARA GALERIAS DE AGUAS PLUVIAIS,COM DIAMETRO DE 400MM,ATERRO E SOCA ATEA ALTURA DA GERATRIZ SUPERIOR DO TUBO,CONSIDERANDO O MATERIAL DA PROPRIA ESCAVACAO,INCLUSIVE FORNECIMENTO DO MATERIAL PARA REJUNTAMENTO COM ARGAMASSA DE CIMENTO E AREIA,NO TRACO 1:4 E ACERTO DE FUNDO DE VALA.FORNECIMENTO E ASSENTAMENTO | D44: EMOP | E44: =VLOOKUP(B44,'DESCRIÇÃO EMOP'!A:C,3,FALSE) -> M | F44: ='Anexo V'!C298 -> 72 | G44: =VLOOKUP(B44,'EMOP 07-22'!A:B,2,FALSE) -> 194.85 | H44: =TRUNC(F44*G44,2) -> 14029.2 | J44: =H44/$H$83 -> 0.0051912987
A45: 2.18 | B45: 06.004.0070-A | C45: =VLOOKUP(B45,'DESCRIÇÃO EMOP'!A:B,2,FALSE) -> TUBO DE CONCRETO ARMADO,CLASSE PA-1(NBR 8890/03),PARA GALERIAS DE AGUAS PLUVIAIS,COM DIAMETRO DE 800MM,ATERRO E SOCA ATEA ALTURA DA GERATRIZ SUPERIOR DO TUBO,CONSIDERANDO O MATERIAL DA PROPRIA ESCAVACAO,INCLUSIVE FORNECIMENTO DO MATERIAL PARA REJUNTAMENTO COM ARGAMASSA DE CIMENTO E AREIA,NO TRACO 1:4 E ACERTO DE FUNDO DE VALA.FORNECIMENTO E ASSENTAMENTO | D45: EMOP | E45: =VLOOKUP(B45,'DESCRIÇÃO EMOP'!A:C,3,FALSE) -> M | F45: ='Anexo V'!C308 -> 0 | G45: =VLOOKUP(B45,'EMOP 07-22'!A:B,2,FALSE) -> 482.24 | H45: =TRUNC(F45*G45,2) -> 0 | J45: =H45/$H$83 -> 0
A46: 2.19 | B46: 06.004.0074-A | C46: =VLOOKUP(B46,'DESCRIÇÃO EMOP'!A:B,2,FALSE) -> TUBO DE CONCRETO ARMADO,CLASSE PA-1(NBR 8890/03),PARA GALERIAS DE AGUAS PLUVIAIS,COM DIAMETRO DE 1.000MM,ATERRO E SOCA ATE A ALTURA DA GERATRIZ SUPERIOR DO TUBO,CONSIDERANDO O MATERIAL DA PROPRIA ESCAVACAO,INCLUSIVE FORNECIMENTO DO MATERIALPARA REJUNTAMENTO COM ARGAMASSA DE CIMENTO E AREIA,NO TRACO1:4 E ACERTO DE FUNDO DE VALA.FORNECIMENTO E ASSENTAMENTO | D46: EMOP | E46: =VLOOKUP(B46,'DESCRIÇÃO EMOP'!A:C,3,FALSE) -> M | F46: ='Anexo V'!C312 -> 0 | G46: =VLOOKUP(B46,'EMOP 07-22'!A:B,2,FALSE) -> 777.84 | H46: =TRUNC(F46*G46,2) -> 0 | J46: =H46/$H$83 -> 0
A47: 2.20 | B47: 06.004.0078-A | C47: =VLOOKUP(B47,'DESCRIÇÃO EMOP'!A:B,2,FALSE) -> TUBO DE CONCRETO ARMADO,CLASSE PA-1(NBR 8890/03),PARA GALERIAS DE AGUAS PLUVIAIS,COM DIAMETRO DE 1.200MM,ATERRO E SOCA ATE A ALTURA DA GERATRIZ SUPERIOR DO TUBO,CONSIDERANDO O MATERIAL DA PROPRIA ESCAVACAO,INCLUSIVE FORNECIMENTO DO MATERIALPARA REJUNTAMENTO COM ARGAMASSA DE CIMENTO E AREIA,NO TRACO1:4 E ACERTO DE FUNDO DE VALA.FORNECIMENTO E ASSENTAMENTO | D47: EMOP | E47: =VLOOKUP(B47,'DESCRIÇÃO EMOP'!A:C,3,FALSE) -> M | F47: ='Anexo V'!C316 -> 0 | G47: =VLOOKUP(B47,'EMOP 07-22'!A:B,2,FALSE) -> 1049.96 | H47: =TRUNC(F47*G47,2) -> 0 | J47: =H47/$H$83 -> 0
A48: 2.21 | B48: ='Anexo V'!C324 -> 06.004.0510-A | C48: =VLOOKUP(B48,'DESCRIÇÃO EMOP'!A:B,2,FALSE) -> GALERIA TECNICA PRE-FABRICADA DE CONCRETO ARMADO,DIMENSOESINTERNAS DE 2,00X1,20M (BXH) RECOBRIMENTO COM 2CM,EXCLUSIVEESCAVACAO E REATERRO.FORNECIMENTO E ASSENTAMENTO | D48: EMOP | E48: =VLOOKUP(B48,'DESCRIÇÃO EMOP'!A:C,3,FALSE) -> M | F48: ='Anexo V'!C327 -> 0 | G48: =VLOOKUP(B48,'EMOP 07-22'!A:B,2,FALSE) -> 5804.42 | H48: =TRUNC(F48*G48,2) -> 0 | J48: =H48/$H$83 -> 0 | L48: =F48*40% -> 0
A49: 2.14 | B49: ='Anexo V'!C300 -> 06.004.0066-A | C49: =VLOOKUP(B49,'DESCRIÇÃO EMOP'!A:B,2,FALSE) -> TUBO DE CONCRETO ARMADO,CLASSE PA-1(NBR 8890/03),PARA GALERIAS DE AGUAS PLUVIAIS,COM DIAMETRO DE 600MM,ATERRO E SOCA ATEA ALTURA DA GERATRIZ SUPERIOR DO TUBO,CONSIDERANDO O MATERIAL DA PROPRIA ESCAVACAO,INCLUSIVE FORNECIMENTO DO MATERIAL PARA REJUNTAMENTO COM ARGAMASSA DE CIMENTO E AREIA,NO TRACO 1:4 E ACERTO DE FUNDO DE VALA.FORNECIMENTO E ASSENTAMENTO | D49: EMOP | E49: =VLOOKUP(B49,'DESCRIÇÃO EMOP'!A:C,3,FALSE) -> M | F49: ='Anexo V'!C303 -> 320 | G49: =VLOOKUP(B49,'EMOP 07-22'!A:B,2,FALSE) -> 323.29 | H49: =TRUNC(F49*G49,2) -> 103452.8 | J49: =H49/$H$83 -> 0.038281184
A50: 2.23 | B50: 06.015.0011-A | C50: =VLOOKUP(B50,'DESCRIÇÃO EMOP'!A:B,2,FALSE) -> POCO DE VISITA EM ALVENARIA DE BLOCOS DE CONCRETO(20X20X40CM),EM PAREDES DE 0,20M DE ESP.C/1,30X1,30X1,40M,P/COLETOR DEAGUAS PLUVIAIS DE 0,80M DE DIAM.UTILIZ.ARG.CIM.AREIA,TRACO 1:4,SENDO AS PAREDES REVESTIDAS INTERNAMENTE C/ARG.ENCHIMENTODOS BLOCOS E BASE EM CONCRETO SIMPLES,TAMPA DE CONCRETO ARMADO,DEGRAU DE FERRO FUNDIDO,INCL.FORN.DE TODOS OS MATERIAIS | D50: EMOP | E50: =VLOOKUP(B50,'DESCRIÇÃO EMOP'!A:C,3,FALSE) -> UN | F50: ='Anexo V'!C341 -> 0 | G50: =VLOOKUP(B50,'EMOP 07-22'!A:B,2,FALSE) -> 2779.66 | H50: =TRUNC(F50*G50,2) -> 0 | J50: =H50/$H$83 -> 0
A51: 2.24 | B51: 06.015.0013-A | C51: =VLOOKUP(B51,'DESCRIÇÃO EMOP'!A:B,2,FALSE) -> POCO DE VISITA EM ALVENARIA DE BLOCOS DE CONCRETO(20X20X40CM),EM PAREDES DE 0,20M DE ESP.C/1,50X1,50X1,60M,P/COLETOR DEAGUAS PLUVIAIS DE 1,00M DE DIAM.SENDO AS PAREDES CHAPISCADASE REVESTIDAS INTERNAMENTE C/ARGAMASSA,ENCHIMENTO DOS BLOCOSE BASE EM CONCRETO SIMPLES,TAMPA DE CONCRETO ARMADO,DEGRAUSDE FERRO FUNDIDO,INCL.FORNECIMENTO DE TODOS OS MATERIAIS | D51: EMOP | E51: =VLOOKUP(B51,'DESCRIÇÃO EMOP'!A:C,3,FALSE) -> UN | F51: ='Anexo V'!C346 -> 0 | G51: =VLOOKUP(B51,'EMOP 07-22'!A:B,2,FALSE) -> 3469.04 | H51: =TRUNC(F51*G51,2) -> 0 | J51: =H51/$H$83 -> 0
A52: 2.25 | B52: 06.015.0015-A | C52: =VLOOKUP(B52,'DESCRIÇÃO EMOP'!A:B,2,FALSE) -> POCO DE VISITA EM ALVENARIA DE BLOCOS DE CONCRETO(20X20X40CM),EM PAREDES DE 0,20M DE ESP.C/1,70X1,70X1,80M,P/COLETOR DEAGUAS PLUVIAIS DE 1,20M DE DIAM.SENDO AS PAREDES CHAPISCADASE REVESTIDAS INTERNAMENTE C/ARGAMASSA,ENCHIMENTO DOS BLOCOSE BASE EM CONCRETO SIMPLES,TAMPA DE CONCRETO ARMADO,DEGRAUSDE FERRO FUNDIDO,INCL.FORNECIMENTO DE TODOS OS MATERIAIS | D52: EMOP | E52: =VLOOKUP(B52,'DESCRIÇÃO EMOP'!A:C,3,FALSE) -> UN | F52: ='Anexo V'!C350 -> 0 | G52: =VLOOKUP(B52,'EMOP 07-22'!A:B,2,FALSE) -> 4259 | H52: =TRUNC(F52*G52,2) -> 0 | J52: =H52/$H$83 -> 0
A53: 2.26 | B53: 15.069.0001-A | C53: =VLOOKUP(B53,'DESCRIÇÃO EMOP'!A:B,2,FALSE) -> INTERVENCAO NO RAMAL CONFORME ESPECIFICACOES CEDAE,INCLUSIVEESCAVACAO E REATERRO COM O FORNECIMENTO DE TODO O MATERIALNECESSARIO,EXCLUSIVE REMOCAO E REPOSICAO DE PAVIMENTOS E RETIRADA DO CAVALETE,COM DIAMETRO DE 1/2" | D53: EMOP | E53: =VLOOKUP(B53,'DESCRIÇÃO EMOP'!A:C,3,FALSE) -> UN | F53: ='Anexo V'!C363 -> 0 | G53: =VLOOKUP(B53,'EMOP 07-22'!A:B,2,FALSE) -> 260.83 | H53: =TRUNC(F53*G53,2) -> 0 | J53: =H53/$H$83 -> 0
A54: 2.27 | B54: 15.069.0010-A | C54: =VLOOKUP(B54,'DESCRIÇÃO EMOP'!A:B,2,FALSE) -> INTERVENCAO NO RAMAL CONFORME ESPECIFICACOES CEDAE,INCLUSIVEESCAVACAO E REATERRO COM O FORNECIMENTO DE TODO O MATERIALNECESSARIO,EXCLUSIVE REMOCAO E REPOSICAO DE PAVIMENTOS E RETIRADA DO CAVALETE,COM DIAMETRO DE 3/4" | D54: EMOP | E54: =VLOOKUP(B54,'DESCRIÇÃO EMOP'!A:C,3,FALSE) -> UN | F54: ='Anexo V'!C367 -> 0 | G54: =VLOOKUP(B54,'EMOP 07-22'!A:B,2,FALSE) -> 261.81 | H54: =TRUNC(F54*G54,2) -> 0 | J54: =H54/$H$83 -> 0
A55: 2.15 | B55: ='Anexo V'!C331 -> 06.015.0010-A | C55: =VLOOKUP(B55,'DESCRIÇÃO EMOP'!A:B,2,FALSE) -> POCO DE VISITA EM ALVENARIA DE BLOCOS DE CONCRETO(20X20X40CM),PAREDES 0,20M DE ESP.C/1,20X1,20X1,40M,P/COLETOR AGUAS PLUVIAIS 0,40 A 0,70M DE DIAM.UTILIZANDO ARG.CIM.AREIA,TRACO 1:4,SENDO PAREDES CHAPISCADAS E REVESTIDAS INTERNAMENTE C/ARG.,ENCHIMENTO BLOCOS E BASE EM CONCRETO SIMPLES,TAMPA DE CONCR.ARMADO,DEGRAUS FERRO FUNDIDO,INCL.FORN.TODOS OS MATERIAIS | D55: EMOP | E55: =VLOOKUP(B55,'DESCRIÇÃO EMOP'!A:C,3,FALSE) -> UN | F55: ='Anexo V'!C334 -> 9 | G55: =VLOOKUP(B55,'EMOP 07-22'!A:B,2,FALSE) -> 2640.88 | H55: =TRUNC(F55*G55,2) -> 23767.92 | J55: =H55/$H$83 -> 0.0087949685
A56: 2.16 | B56: ='Anexo V'!C369 -> 06.016.0100-A | C56: =VLOOKUP(B56,'DESCRIÇÃO EMOP'!A:B,2,FALSE) -> TAMPAO MISTO (FERRO FUNDIDO E CONCRETO,EXCLUSIVE ESTE),TIPOPESADO,DE 0,60M DE DIAMETRO,PESO SEM CONCRETO 70KG E TOTAL DE 106KG,ASSENTADO COM ARGAMASSA DE CIMENTO E AREIA,NO TRACO1:4 EM VOLUME.FORNECIMENTO E ASSENTAMENTO | D56: EMOP | E56: =VLOOKUP(B56,'DESCRIÇÃO EMOP'!A:C,3,FALSE) -> UN | F56: ='Anexo V'!C371 -> 9 | G56: =VLOOKUP(B56,'EMOP 07-22'!A:B,2,FALSE) -> 429.79 | H56: =TRUNC(F56*G56,2) -> 3868.11 | J56: =H56/$H$83 -> 0.0014313371 | L56: =F56*40% -> 3.6
A57: 2.23
A58: 2.17 | B58: ='Anexo V'!C373 -> 05.077.0001-A | C58: =VLOOKUP(B58,'DESCRIÇÃO EMOP'!A:B,2,FALSE) -> ESCORAMENTO DE VALAS EM PRANCHADA HORIZONTAL,EMPREGANDO-SE MADEIRA DE 3ª E PERFIL METALICO "H" DE 6"X6",REUTILIZADOS EM5 VEZES,INCLUSIVE FORNECIMENTO DE TODOS OS MATERIAIS,COLOCACAO E RETIRADA | D58: EMOP | E58: =VLOOKUP(B58,'DESCRIÇÃO EMOP'!A:C,3,FALSE) -> M2 | F58: ='Anexo V'!C376 -> 640 | G58: =VLOOKUP(B58,'EMOP 07-22'!A:B,2,FALSE) -> 300.57 | H58: =TRUNC(F58*G58,2) -> 192364.8 | J58: =H58/$H$83 -> 0.071181759 | L58: =F58*40% -> 256
A59: 3 | B59: PAVIMENTAÇÃO | G59: SUBTOTAL | H59: =TRUNC(H60+H61+H62+H63+H64+H65+H66+H67+H68+H69+H70+H71+H72+H73+H74+H75+H76+H77+H78+H79+H80+H81,2) -> 1652519.9 | L59: =F59*40% -> 0
A60: 3.1 | B60: ='Anexo V'!C386 -> 01.005.0004-A | C60: =VLOOKUP(B60,'DESCRIÇÃO EMOP'!A:B,2,FALSE) -> PREPARO MANUAL DE TERRENO,COMPREENDENDO ACERTO,RASPAGEM EVENTUAL ATE 0.30M DE PROFUNDIDADE E AFASTAMENTO LATERAL DO MATERIAL EXCEDENTE,INCLUSIVE COMPACTACAO MANUAL | D60: EMOP | E60: =VLOOKUP(B60,'DESCRIÇÃO EMOP'!A:C,3,FALSE) -> M2 | F60: ='Anexo V'!C391 -> 1760 | G60: =VLOOKUP(B60,'EMOP 07-22'!A:B,2,FALSE) -> 15.65 | H60: =TRUNC(F60*G60,2) -> 27544 | J60: =H60/$H$83 -> 0.010192251 | L60: =F60*40% -> 704
A61: 3.2 | B61: ='Anexo V'!C393 -> 13.370.0010-A | C61: =VLOOKUP(B61,'DESCRIÇÃO EMOP'!A:B,2,FALSE) -> PATIO DE CONCRETO,NA ESPESSURA DE 8CM,NO TRACO 1:3:3 EM VOLUME, FORMANDO QUADROS DE 1,00X1,00M, COM SARRAFOS DE MADEIRAINCORPORADOS,EXCLUSIVE PREPARO DO TERRENO | D61: EMOP | E61: =VLOOKUP(B61,'DESCRIÇÃO EMOP'!A:C,3,FALSE) -> M2 | F61: ='Anexo V'!C399 -> 1320 | G61: =VLOOKUP(B61,'EMOP 07-22'!A:B,2,FALSE) -> 61.95 | H61: =TRUNC(F61*G61,2) -> 81774 | J61: =H61/$H$83 -> 0.030259264 | L61: =F61*40% -> 528
A62: 3.3 | B62: ='Anexo V'!C421 -> 02.020.0009-A | C62: =VLOOKUP(B62,'DESCRIÇÃO EMOP'!A:B,2,FALSE) -> SEMAFORO PARA SINALIZACAO DE BLOQUEIO DE OBRA NA VIA PUBLICA,DE ACORDO COM A RESOLUCAO DA PREFEITURA-RJ,COMPREENDENDO FORNECIMENTO E COLOCACAO DE TODOS OS MATERIAIS NECESSARIOS,INCLUSIVE MATERIAIS ELETRICOS,CONSIDERANDO 40 VEZES O REAPROVEITAMENTO DA MADEIRA | D62: EMOP | E62: =VLOOKUP(B62,'DESCRIÇÃO EMOP'!A:C,3,FALSE) -> UN | F62: ='Anexo V'!C424 -> 12 | G62: =VLOOKUP(B62,'EMOP 07-22'!A:B,2,FALSE) -> 108.75 | H62: =TRUNC(F62*G62,2) -> 1305 | J62: =H62/$H$83 -> 0.00048289602 | L62: =F62*40% -> 4.8
A63: 3.4 | B63: ='Anexo V'!C426 -> 02.030.0005-A | C63: =VLOOKUP(B63,'DESCRIÇÃO EMOP'!A:B,2,FALSE) -> PLACA DE SINALIZACAO PREVENTIVA PARA OBRA NA VIA PUBLICA,DEACORDO COM A RESOLUCAO DA PREFEITURA-RJ, COMPREENDENDO FORNECIMENTO E PINTURA DA PLACA E DOS SUPORTES DE MADEIRA.FORNECIMENTO E COLOCACAO | D63: EMOP | E63: =VLOOKUP(B63,'DESCRIÇÃO EMOP'!A:C,3,FALSE) -> UN | F63: ='Anexo V'!C429 -> 11 | G63: =VLOOKUP(B63,'EMOP 07-22'!A:B,2,FALSE) -> 93.33 | H63: =TRUNC(F63*G63,2) -> 1026.63 | J63: =H63/$H$83 -> 0.0003798893 | L63: =F63*40% -> 4.4
A64: 3.5 | B64: ='Anexo V'!C431 -> 03.025.0005-A | C64: =VLOOKUP(B64,'DESCRIÇÃO EMOP'!A:B,2,FALSE) -> ESCAVACAO MECANICA,COM TRATOR DE LAMINA COM POTENCIA EM TORNO DE 200CV,EM MATERIAL DE 1ªCATEGORIA,COM TRANSPORTE ENTRE 50,00 E 100,00M | D64: EMOP | E64: =VLOOKUP(B64,'DESCRIÇÃO EMOP'!A:C,3,FALSE) -> M3 | F64: ='Anexo V'!C436 -> 2002 | G64: =VLOOKUP(B64,'EMOP 07-22'!A:B,2,FALSE) -> 8.17 | H64: =TRUNC(F64*G64,2) -> 16356.34 | J64: =H64/$H$83 -> 0.0060524226 | L64: =F64*40% -> 800.8
A65: 3.6 | B65: ='Anexo V'!C438 -> 03.010.0018-A | C65: =VLOOKUP(B65,'DESCRIÇÃO EMOP'!A:B,2,FALSE) -> ATERRO COM MATERIAL DE 1ªCATEGORIA,ESPALHADO POR RETRO ESCAVADEIRA,EM CAMADAS DE 20CM DE MATERIAL ADENSADO,REGADO POR CAMINHAO TANQUE E COMPACTADO A 90% COM ROLO PE DE CARNEIRO CONVENCIONAL,DE 2(DOIS) CILINDROS,REBOCADO POR TRATOR DE PNEUS,INTERVINDO 2(DOIS) SERVENTES,EXCLUSIVE O FORNECIMENTO DA TERRA | D65: EMOP | E65: =VLOOKUP(B65,'DESCRIÇÃO EMOP'!A:C,3,FALSE) -> M3 | F65: ='Anexo V'!C442 -> 4928 | G65: =VLOOKUP(B65,'EMOP 07-22'!A:B,2,FALSE) -> 8.72 | H65: =TRUNC(F65*G65,2) -> 42972.16 | J65: =H65/$H$83 -> 0.015901214 | L65: =F65*40% -> 1971.2
A66: 3.7 | B66: ='Anexo V'!C444 -> 20.104.0001-A | C66: =VLOOKUP(B66,'DESCRIÇÃO EMOP'!A:B,2,FALSE) -> SAIBRO,INCLUSIVE TRANSPORTE.FORNECIMENTO | D66: EMOP | E66: =VLOOKUP(B66,'DESCRIÇÃO EMOP'!A:C,3,FALSE) -> M3 | F66: ='Anexo V'!C448 -> 4928 | G66: =VLOOKUP(B66,'EMOP 07-22'!A:B,2,FALSE) -> 67.5 | H66: =TRUNC(F66*G66,2) -> 332640 | J66: =H66/$H$83 -> 0.12308853 | L66: =F66*40% -> 1971.2
A67: 3.8 | B67: ='Anexo V'!C452 -> 04.005.0121-A | C67: =VLOOKUP(B67,'DESCRIÇÃO EMOP'!A:B,2,FALSE) -> TRANSPORTE DE CARGA DE QUALQUER NATUREZA,EXCLUSIVE AS DESPESAS DE CARGA E DESCARGA,TANTO DE ESPERA DO CAMINHAO COMO DO SERVENTE OU EQUIPAMENTO AUXILIAR,A VELOCIDADE MEDIA DE 40KM/H,EM CAMINHAO BASCULANTE A OLEO DIESEL,COM CAPACIDADE UTIL DE8T | D67: EMOP | E67: =VLOOKUP(B67,'DESCRIÇÃO EMOP'!A:C,3,FALSE) -> T X KM | F67: ='Anexo V'!C456 -> 74474.4 | G67: =VLOOKUP(B67,'EMOP 07-22'!A:B,2,FALSE) -> 1.35 | H67: =TRUNC(F67*G67,2) -> 100540.44 | J67: =H67/$H$83 -> 0.037203508 | L67: =F67*40% -> 29789.76
A68: 3.9 | B68: ='Anexo V'!C458 -> 04.011.0051-B | C68: =VLOOKUP(B68,'DESCRIÇÃO EMOP'!A:B,2,FALSE) -> CARGA E DESCARGA MECANICA,COM PA-CARREGADEIRA,COM 1,30M3 DECAPACIDADE,UTILIZANDO CAMINHAO BASCULANTE A OLEO DIESEL,COMCAPACIDADE UTIL DE 8T,CONSIDERADOS PARA O CAMINHAO OS TEMPOSDE ESPERA,MANOBRA,CARGA E DESCARGA E PARA A CARREGADEIRA OSTEMPOS DE ESPERA E OPERACAO PARA CARGAS DE 50T POR DIA DE 8H | D68: EMOP | E68: t | F68: ='Anexo V'!C463 -> 6771.6 | G68: =VLOOKUP(B68,'EMOP 07-22'!A:B,2,FALSE) -> 14.43 | H68: =TRUNC(F68*G68,2) -> 97714.18 | J68: =H68/$H$83 -> 0.036157692 | L68: =F68*40% -> 2708.64
A69: 3.10 | B69: ='Anexo V'!C465 -> TC.09.05.0700/ | C69: =VLOOKUP(B69,'DESCRIÇÃO EMOP'!A:B,2,FALSE) -> DISPOSIÇÃO FINAL DE MATERIAIS E RESIDUOS DE OBRAS EM LOCAIS DE OPERAÇÃO E DISPOSIÇÃO FINAL APROPRIADOS, AUTORIZADOS E/OU LICENCIADOS PELOS ORGÃOS DE LICENCIAMENTO E DE CONTROLE AMBIENTAL, MEDIDA POR TONELADA TRANSPORTADA, SENDO COMPROVADA CONFORME LEGISLAÇÃO PERTINENTE (DESONERADO) | D69: SCO | E69: =VLOOKUP(B69,'DESCRIÇÃO EMOP'!A:C,3,FALSE) -> T | F69: ='Anexo V'!C468 -> 6771.6 | G69: =VLOOKUP(B69,'EMOP 07-22'!A:B,2,FALSE) -> 15 | H69: =TRUNC(F69*G69,2) -> 101574 | J69: =H69/$H$83 -> 0.037585962 | L69: =F69*40% -> 2708.64
A70: 3.11 | B70: ='Anexo V'!C475 -> 05.002.0100-A | C70: =VLOOKUP(B70,'DESCRIÇÃO EMOP'!A:B,2,FALSE) -> LEVANTAMENTO OU REBAIXAMENTO DE TAMPAO DE RUA,CONSIDERANDO DEMOLICAO DE CAMADA DE ASFALTO E CONCRETO,MOVIMENTACAO E CONCRETAGEM,EXCLUSIVE CERCA PROTETORA | D70: EMOP | E70: =VLOOKUP(B70,'DESCRIÇÃO EMOP'!A:C,3,FALSE) -> UN | F70: ='Anexo V'!C479 -> 9 | G70: =VLOOKUP(B70,'EMOP 07-22'!A:B,2,FALSE) -> 270.22 | H70: =TRUNC(F70*G70,2) -> 2431.98 | J70: =H70/$H$83 -> 0.00089991836 | L70: =F70*40% -> 3.6
A71: 3.12 | B71: ='Anexo V'!C481 -> 08.001.0002-B | C71: =VLOOKUP(B71,'DESCRIÇÃO EMOP'!A:B,2,FALSE) -> BASE DE BRITA GRADUADA,INCLUSIVE FORNECIMENTO DOS MATERIAIS,MEDIDA APOS A COMPACTACAO | D71: EMOP | E71: =VLOOKUP(B71,'DESCRIÇÃO EMOP'!A:C,3,FALSE) -> M3 | F71: ='Anexo V'!C486 -> 616 | G71: =VLOOKUP(B71,'EMOP 07-22'!A:B,2,FALSE) -> 185.36 | H71: =TRUNC(F71*G71,2) -> 114181.76 | J71: =H71/$H$83 -> 0.042251278 | L71: =F71*40% -> 246.4
A72: 3.13 | B72: ='Anexo V'!C489 -> 08.002.0001-0 | C72: =VLOOKUP(B72,'DESCRIÇÃO EMOP'!A:B,2,FALSE) -> BASE DE MACADAME HIDRAULICO,DE ACORDO COM AS "INSTRUCOES PARA EXECUCAO",DO DER-RJ.O CUSTO INDENIZA AS OPERACOES DE EXECUCAO,INCLUSIVE FORNECIMENTO DOS MATERIAIS EMPREGADOS(BRITA,PO-DE-PEDRA E AGUA) E SE APLICA AO VOLUME EXECUTADO,MEDIDO APOS COMPACTACAO | D72: EMOP | E72: =VLOOKUP(B72,'DESCRIÇÃO EMOP'!A:C,3,FALSE) -> M3 | F72: ='Anexo V'!C493 -> 770 | G72: =VLOOKUP(B72,'EMOP 07-22'!A:B,2,FALSE) -> 248.82 | H72: =TRUNC(F72*G72,2) -> 191591.4 | J72: =H72/$H$83 -> 0.070895574 | L72: =F72*40% -> 308
A73: 3.14 | B73: ='Anexo V'!C495 -> 08.015.0067-A | C73: =VLOOKUP(B73,'DESCRIÇÃO EMOP'!A:B,2,FALSE) -> REVESTIMENTO DE CONCRETO BETUMINOSO USINADO A QUENTE,IMPORTADO DE USINA,EXECUTADO EM UMA CAMADA,DE ACORDO COM AS INSTRUCOES/ESPECIFICACOES DO CONTRATANTE,COMPREENDENDO PREPARO,ESPALHAMENTO E COMPACATACAO MECANICOS E OS MATERIAIS,EXCLUSIVE TRANSPORTE DA USINA PARA PISTA | D73: EMOP | E73: =VLOOKUP(B73,'DESCRIÇÃO EMOP'!A:C,3,FALSE) -> T | F73: ='Anexo V'!C504 -> 337.92 | G73: =VLOOKUP(B73,'EMOP 07-22'!A:B,2,FALSE) -> 644.89 | H73: =TRUNC(F73*G73,2) -> 217921.22 | J73: =H73/$H$83 -> 0.080638536 | L73: =F73*40% -> 135.168
A74: 3.15 | B74: ='Anexo V'!C506 -> 08.021.0001-A | C74: =VLOOKUP(B74,'DESCRIÇÃO EMOP'!A:B,2,FALSE) -> REGULARIZACAO DE SUBLEITO,DE ACORDO COM AS "INSTRUCOES PARAEXECUCAO",DO DER-RJ.O CUSTO INDENIZA AS OPERACOES DE EXECUCAO E TRANSPORTE DE AGUA E SE APLICA A AREA EFETIVAMENTE REGULARIZADA,EXCLUSIVE TRANSPORTE E ESCAVACAO DE CORRETIVOS | D74: EMOP | E74: =VLOOKUP(B74,'DESCRIÇÃO EMOP'!A:C,3,FALSE) -> M2 | F74: ='Anexo V'!C510 -> 2816 | G74: =VLOOKUP(B74,'EMOP 07-22'!A:B,2,FALSE) -> 1.69 | H74: =TRUNC(F74*G74,2) -> 4759.04 | J74: =H74/$H$83 -> 0.0017610126 | L74: =F74*40% -> 1126.4
A75: 3.16 | B75: ='Anexo V'!C512 -> 08.026.0001-A | C75: =VLOOKUP(B75,'DESCRIÇÃO EMOP'!A:B,2,FALSE) -> IMPRIMACAO DE BASE DE PAVIMENTACAO,DE ACORDO COM AS "INSTRUCOES PARA EXECUCAO",DO DER-RJ | D75: EMOP | E75: =VLOOKUP(B75,'DESCRIÇÃO EMOP'!A:C,3,FALSE) -> M2 | F75: ='Anexo V'!C517 -> 2816 | G75: =VLOOKUP(B75,'EMOP 07-22'!A:B,2,FALSE) -> 11.77 | H75: =TRUNC(F75*G75,2) -> 33144.32 | J75: =H75/$H$83 -> 0.012264567 | L75: =F75*40% -> 1126.4
A76: 3.17 | B76: ='Anexo V'!C519 -> 08.026.0002-A | C76: =VLOOKUP(B76,'DESCRIÇÃO EMOP'!A:B,2,FALSE) -> PINTURA DE LIGACAO,DE ACORDO COM AS "INSTRUCOES PARA EXECUCAO",DO DER-RJ | D76: EMOP | E76: =VLOOKUP(B76,'DESCRIÇÃO EMOP'!A:C,3,FALSE) -> M2 | F76: ='Anexo V'!C528 -> 2816 | G76: =VLOOKUP(B76,'EMOP 07-22'!A:B,2,FALSE) -> 2.6 | H76: =TRUNC(F76*G76,2) -> 7321.6 | J76: =H76/$H$83 -> 0.0027092502 | L76: =F76*40% -> 1126.4
A77: 3.18 | B77: ='Anexo V'!C530 -> 08.035.0005-A | C77: =VLOOKUP(B77,'DESCRIÇÃO EMOP'!A:B,2,FALSE) -> CAMADA DE BLOQUEIO(COLCHAO)DE PO-DE-PEDRA,ESPALHADO E COMPRIMIDO MANUALMENTE,MEDIDA APOS COMPACTACAO | D77: EMOP | E77: =VLOOKUP(B77,'DESCRIÇÃO EMOP'!A:C,3,FALSE) -> M3 | F77: ='Anexo V'!C534 -> 616 | G77: =VLOOKUP(B77,'EMOP 07-22'!A:B,2,FALSE) -> 166.9 | H77: =TRUNC(F77*G77,2) -> 102810.4 | J77: =H77/$H$83 -> 0.038043473 | L77: =F77*40% -> 246.4
A78: 3.19 | B78: ='Anexo V'!C536 -> 09.005.0150-A | C78: =VLOOKUP(B78,'DESCRIÇÃO EMOP'!A:B,2,FALSE) -> CAPINA DE ERVAS,GRAMINEAS,ETC,EM SUPERFICIE ENSAIBRADA | D78: EMOP | E78: =VLOOKUP(B78,'DESCRIÇÃO EMOP'!A:C,3,FALSE) -> M2 | F78: ='Anexo V'!C539 -> 1320 | G78: =VLOOKUP(B78,'EMOP 07-22'!A:B,2,FALSE) -> 0.15 | H78: =TRUNC(F78*G78,2) -> 198 | J78: =H78/$H$83 -> 7.3266982e-05
A79: 3.20 | B79: ='Anexo V'!C541 -> 20.009.0012-A | C79: =VLOOKUP(B79,'DESCRIÇÃO EMOP'!A:B,2,FALSE) -> REVESTIMENTO EM CONCRETO BETUMINOSO USINADO A QUENTE,DE GRANULOMETRIA ABERTA,TIPO "BINDER",DE ACORDO COM AS "INSTRUCOESPARA EXECUCAO",DO DER-RJ,COMPREENDENDO:PREPARO,ESPALHAMENTOE COMPACTACAO,EXCLUSIVE O FORNECIMENTO E TRANSPORTE DOS MATERIAIS | D79: EMOP | E79: =VLOOKUP(B79,'DESCRIÇÃO EMOP'!A:C,3,FALSE) -> M3 | F79: ='Anexo V'!C546 -> 197.12 | G79: =VLOOKUP(B79,'EMOP 07-22'!A:B,2,FALSE) -> 290.41 | H79: =TRUNC(F79*G79,2) -> 57245.61 | J79: =H79/$H$83 -> 0.021182894
A80: 3.21 | B80: ='Anexo V'!C548 -> 20.100.0050-A | C80: =VLOOKUP(B80,'DESCRIÇÃO EMOP'!A:B,2,FALSE) -> CONCRETO BETUMINOSO USINADO A QUENTE TIPO "BINDER",EXCLUSIVEPREPARO,INCLUSIVE TRANSPORTE.CUSTO SOMENTE DOS MATERIAIS.FORNECIMENTO | D80: EMOP | E80: =VLOOKUP(B80,'DESCRIÇÃO EMOP'!A:C,3,FALSE) -> M3 | F80: ='Anexo V'!C552 -> 140.8 | G80: =VLOOKUP(B80,'EMOP 07-22'!A:B,2,FALSE) -> 548.82 | H80: =TRUNC(F80*G80,2) -> 77273.85 | J80: =H80/$H$83 -> 0.028594049 | L80: =F80*40% -> 56.32
A81: 3.22 | B81: ='Anexo V'!C556 -> 09.001.0002-A | C81: =VLOOKUP(B81,'DESCRIÇÃO EMOP'!A:B,2,FALSE) -> PLANTIO DE GRAMA EM PLACAS,TIPO SAO CARLOS,BATATAIS,LARGA ESANTO AGOSTINHO,INCLUSIVE COMPRA E ARRANCAMENTO NO LOCAL DEORIGEM,CARGA,TRANSPORTE,DESCARGA E PREPARO DE TERRENO,PARA RECOMPOSICAO DE AREAS GRAMADAS EVENTUALMENTE DANIFICADAS | D81: EMOP | E81: =VLOOKUP(B81,'DESCRIÇÃO EMOP'!A:C,3,FALSE) -> M2 | F81: ='Anexo V'!C558 -> 2200 | G81: =VLOOKUP(B81,'EMOP 07-22'!A:B,2,FALSE) -> 18.27 | H81: =TRUNC(F81*G81,2) -> 40194 | J81: =H81/$H$83 -> 0.014873197 | L81: =F81*40% -> 880
F82: BDI TOTAL: | G82: 0.2857 | H82: =TRUNC(H83*28.57%,2) -> 772088.57
F83: VALOR ORÇAMENTO: | H83: =TRUNC(H11+H27+H59,2) -> 2702445.1
F84: VALOR TOTAL: | H84: =TRUNC(H82+H83,2) -> 3474533.7

Sheet Anexo V
C2: PREFEITURA MUNICIPAL DE SÃO GONÇALO
C3: SECRETARIA MUNICIPAL DE DESENVOLVIMENTO URBANO
A5: Titulo : | B5: ='Anexo IV'!A5 -> SERVIÇOS DE COMPLEMENTAÇÃO DE INFRAESTRUTURA INCLUINDO OS SERVIÇOS DE DRENAGEM E PAVIMENTAÇÃO DO ACESSO A AV. FRANCISCO DE AZEREDO COUTINHO - SITUADO EM TRECHO DA NA AV. EUGENIO BORGES JUNTO A RJ 106 - BAIRRO IPIIBA , MUNICIPIO DE SÃO GONÇALO – RJ.
F8: ANEXO V - MEMÓRIA DE CALCULO
B9: ITEM | C9: QUANT. | D9: DESCRIÇÃO
B11: 1 | C11: SERVIÇOS DE ESCRITORIO LABORATORIO E CAMPO
B13: 1.1 | C13: 02.004.0004-A | D13: =VLOOKUP(C13,'DESCRIÇÃO EMOP'!A:B,2,FALSE) -> BARRACAO OBRA C/PAREDES CHAPAS MADEIRA COMPENSADA,PLASTIF.,LISA,COLAGEM FENOLICA,PROVA D`AGUA, COM 10MM ESP.PISO E ESTRUTURA MADEIRA 3ª,COBERTURA TELHAS ONDULADAS 6MM,FIBROCIMENTO,EXCL.PINT.E LIGACOES PROVISORIAS,INCL.INST.,APARELHOS, ESQUADRIAS E FERRAG.,PROJ.Nº2007/EMOP,ESCRITORIO,SANITARIOS,DEPOSITOS E TORRE C/CAIXA D`AGUA 500L,REAPROVEITADO 5 VEZES
G14: Comprimento | I14: Largura
C15: =G15*I15 -> 96 | D15: =VLOOKUP(C13,'DESCRIÇÃO EMOP'!A:C,3,FALSE) -> M2 | E15: TOTAL DOS SERVIÇOS | G15: 16 | H15: X | I15: 6
B17: 1.2 | C17: 01.016.0085-A | D17: =VLOOKUP(C17,'DESCRIÇÃO EMOP'!A:B,2,FALSE) -> LEVANTAMENTO PLANIALTIMETRICO CADASTRAL DE AREA URBANA OU SUBURBANA,DESTINADA A REGULARIZACAO FUNDIARIA,PROJETOS VIARIOSE DE INFRAESTRUTURA,URBANIZACAO E ASSEMELHADOS,UTILIZANDO POLIGONAL III PAC,DESENHO NA ESCALA DE 1:250 A 1:100,EM AREASDENSAMENTE OCUPADAS(ACIMA DE 50% DE QUADRAS),EM AREAS ACIMADE 10000M2
G18: Comprimento | H18: x | I18: Largura
C19: =G19*I19 -> 5088 | D19: = | E19: AV. EUGENIO BORGES | G19: 424 | H19: x | I19: 12
C20: =SUM(C19:C19) -> 5088 | D20: =VLOOKUP(C17,'DESCRIÇÃO EMOP'!A:C,3,FALSE) -> M2
B22: 1.3 | C22: 02.002.0011-A | D22: =VLOOKUP(C22,'DESCRIÇÃO EMOP'!A:B,2,FALSE) -> TAPUME DE VEDACAO OU PROTECAO,EXECUTADO COM TELHAS TRAPEZOIDAIS DE ACO GALVANIZADO,ESPESSURA DE 0,5MM,ESTAS COM 2 VEZESDE UTILIZACAO,INCLUSIVE ENGRADAMENTO DE MADEIRA,UTILIZADO 2VEZES E PINTURA ESMALTE SINTETICO NAS FACES INTERNA E EXTERNA
I23: Comprimento | L23: Altura
C24: =I24*L24 -> 110 | D24: = | E24: PERIMETRO DO CANTEIRO | I24: 50 | J24: X | L24: 2.2
C25: =SUM(C24:C24) -> 110 | D25: =VLOOKUP(C22,'DESCRIÇÃO EMOP'!A:C,3,FALSE) -> M2 | E25: TOTAL DOS SERVIÇOS
B27: 1.4 | C27: 02.020.0001-A | D27: =VLOOKUP(C27,'DESCRIÇÃO EMOP'!A:B,2,FALSE) -> PLACA DE IDENTIFICACAO DE OBRA PUBLICA,INCLUSIVE PINTURA E SUPORTES DE MADEIRA.FORNECIMENTO E COLOCACAO
F28: Altura | H28: Largura | J28: Quantidade
C29: =F29*H29*J29 -> 6 | D29: = | E29: Placa | F29: 2 | G29: X | H29: 3 | I29: X | J29: 1
C30: =C29 -> 6 | D30: =VLOOKUP(C27,'DESCRIÇÃO EMOP'!A:C,3,FALSE) -> M2 | E30: TOTAL DOS SERVIÇOS
B32: 1.5 | C32: COMPOSIÇÃO | D32: ADMINISTRAÇÃO LOCAL
E34: Mão de Obra administrativa | G34: QTD
C35: =E35/G35 -> 288874.08 | D35: = | E35: =ADM!G22 -> 288874.08 | F35: / | G35: 1
C36: =C35/'Anexo IV'!H84 -> 0.083140388 | D36: MES | E36: TOTAL DOS SERVIÇOS
B39: 1.6 | C39: 01.001.0040-A | D39: =VLOOKUP(C39,'DESCRIÇÃO EMOP'!A:B,2,FALSE) -> SONDAGEM MANUAL,COM TRADO CAVADEIRA,POR METRO LINEAR OU FRACAO
D40: Total considerando 1 a cada 2 estacas | G40: Quantidade de furos | I40: Profundidade
C41: =G41*I41 -> 11 | D41: = | E41: AV. EUGENIO BORGES | G41: 11 | H41: x | I41: 1
C42: =C41 -> 11
B44: 1.7 | C44: 01.001.0014-A | D44: INDICE SUPORTE CALIFORNIA,POR 1 PONTO,COMPACTACAO COM ENERGIA PROCTOR NORMAL
F45: Quantidade
C46: =F46 -> 11 | D46: = | F46: 11 | G46: 1 amostra para cada furo de sondagem
C47: =C46 -> 11 | D47: =VLOOKUP(C44,'DESCRIÇÃO EMOP'!A:C,3,FALSE) -> UN
B49: 1.8 | C49: 01.001.0071-A | D49: ENSAIO DE CARACTERIZACAO GEOTECNICA DE SOLOS,COM UTILIZACAODE DILATOMETRO,EXCLUSIVE PERFURACAO
F50: Quantidade
C51: =F51 -> 11 | D51: = | F51: 11 | G51: 1 amostra para cada furo de sondagem
C52: =C51 -> 11 | D52: =VLOOKUP(C49,'DESCRIÇÃO EMOP'!A:C,3,FALSE) -> UN
B55: 1.9 | C55: 01.050.0190-A | D55: =VLOOKUP(C55,'DESCRIÇÃO EMOP'!A:B,2,FALSE) -> PROJETO EXECUTIVO DE VIA PARA VEICULOS E PEDESTRES EM RUAS EAVENIDAS URBANAS,COM CALCADAS EM AMBOS OS LADOS E 2 FAIXASDE ROLAMENTO COM LARGURA MAXIMA DE 13M,APRESENTADO EM AUTOCAD NOS PADROES DA CONTRATANTE
E58: Exttensão (m) | G58: Larg. (m) | I58: Área (m²) | L58: Área (ha)
B59: =L59 -> 0.52 | C59: .HA | E59: 440 | F59: X | G59: 12 | I59: =E59*G59 -> 5280 | L59: =TRUNC(I59/10000,2) -> 0.52
B60: =B59 -> 0.52
B64: 1.10 | C64: 01.050.0153-A | D64: =VLOOKUP(C64,'DESCRIÇÃO EMOP'!A:B,2,FALSE) -> ELABORACAO DE MICRO E MESODRENAGEM (VAZAO ATE 10M3/SEG) EMCONFORMIDADE COM AS NORMAS ESTABELECIDAS PELA RIO-AGUAS.SERVICOS MEDIDOS POR KM DE PROJETO EFETIVAMENTE CONCLUIDO,OS QUAIS APOS APROVACAO SERAO ENTREGUES A FISCALIZACAO SENDO A MEMORIA CALCULO DIGITALIZADA,DESENHOS EM AUTOCAD (ORIGINAL EM MEIO DIGITAL,UMA VIA PLOTADA EM VEGETAL,DUAS EM PAPEL OPACO)
G65: Extensão (m) | I65: Larg. (m) | K65: Área (m²) | M65: Área (ha)
C66: =M66 -> 0.528 | D66: = | E66: AV. EUGENIO BORGES | G66: 440 | H66: x | I66: 12 | K66: =G66*I66 -> 5280 | M66: =K66/10000 -> 0.528
C67: =SUM(C66:C66) -> 0.528 | D67: =VLOOKUP(C64,'DESCRIÇÃO EMOP'!A:C,3,FALSE) -> KM
B69: 1.11 | C69: 02.006.0050-A | D69: =VLOOKUP(C69,'DESCRIÇÃO EMOP'!A:B,2,FALSE) -> ALUGUEL DE BANHEIRO QUIMICO,PORTATIL,MEDINDO 2,31M ALTURA X1,56M LARGURA E 1,16M PROFUNDIDADE,INCLUSIVE INSTALACAO E RETIRADA DO EQUIPAMENTO,FORNECIMENTO DE QUIMICA DESODORIZANTE,BACTERICIDA E BACTERIOSTATICA,PAPEL HIGIENICO E VEICULO PROPRIO COM UNIDADE MOVEL DE SUCCAO PARA LIMPEZA
G70: Quantidade | I70: Frentes trabalho | L70: Tempo de Obra / Meses
C71: =G71*I71*L71 -> 6 | D71: = | G71: 1 | H71: X | I71: 1 | J71: X | L71: 6
C72: =C71 -> 6 | D72: =VLOOKUP(C69,'DESCRIÇÃO EMOP'!A:C,3,FALSE) -> UNXMES | E72: TOTAL DOS SERVIÇOS
B74: 1.8 | C74: 02.010.0001-A | D74: =VLOOKUP(C74,'DESCRIÇÃO EMOP'!A:B,2,FALSE) -> GALPAO ABERTO PARA OFICINAS E DEPOSITOS DE CANTEIRO DE OBRAS,ESTRUTURADO EM MADEIRA DE LEI,COBERTURA DE TELHAS DE CIMENTO SEM AMIANTO ONDULADAS,DE 6MM DE ESPESSURA,PISO CIMENTADO EPREPARO DO TERRENO
F75: Extensão (m) | H75: Larg. (m) | J75: Área (m²)
C76: =J76 -> 0 | D76: = | F76: 0 | G76: X | H76: 6 | I76: = | J76: =F76*H76 -> 0
D77: M²
B79: 1.12 | C79: 02.015.0001-A | D79: =VLOOKUP(C79,'DESCRIÇÃO EMOP'!A:B,2,FALSE) -> INSTALACAO E LIGACAO PROVISORIA PARA ABASTECIMENTO DE AGUA EESGOTAMENTO SANITARIO EM CANTEIRO DE OBRAS,INCLUSIVE ESCAVACAO,EXCLUSIVE REPOSICAO DA PAVIMENTACAO DO LOGRADOURO PUBLICO
F80: Quantidade
C81: 1 | D81: = | F81: 1
C82: 1 | D82: =VLOOKUP(C79,'DESCRIÇÃO EMOP'!A:C,3,FALSE) -> UN
B84: 1.13 | C84: 02.016.0001-A | D84: =VLOOKUP(C84,'DESCRIÇÃO EMOP'!A:B,2,FALSE) -> INSTALACAO E LIGACAO PROVISORIA DE ALIMENTACAO DE ENERGIA ELETRICA,EM BAIXA TENSAO,PARA CANTEIRO DE OBRAS,M3-CHAVE 100A,CARGA 3KW,20CV,EXCLUSIVE O FORNECIMENTO DO MEDIDOR
F85: Quantidade
C86: 1 | D86: = | F86: 1
C87: 1 | D87: =VLOOKUP(C84,'DESCRIÇÃO EMOP'!A:C,3,FALSE) -> UN
B89: 1.14 | C89: 01.001.0206-A | D89: CONTROLE DE COMPACTACAO,POR PONTO(METODO DO ANEL)
G90: Total considerando 01 a cada estaca, sendo 1 estaca a cada 20m.
G91: Comprimento | I91: Distancia entre estacas | K91: Total
C92: =K92 -> 22 | D92: = | E92: AV. EUGENIO BORGES | G92: 440 | I92: 20 | J92: = | K92: =G92/I92 -> 22
C93: =C92 -> 22 | D93: =VLOOKUP(C89,'DESCRIÇÃO EMOP'!A:C,3,FALSE) -> UN
B95: 1.15 | C95: 01.001.0302-A | D95: DETERMINACAO DA DEFORMACAO DE PAVIMENTOS COM O AUXILIO DA VIGA BENKELMANN,POR PONTO
G97: Total | H97: x | I97: Total de determinação: 01 na base e 01 no CBUQ
C98: =G98*I98 -> 44 | D98: = | E98: AV. EUGENIO BORGES | G98: 22 | H98: x | I98: 2
C99: =C98 -> 44 | D99: =VLOOKUP(C95,'DESCRIÇÃO EMOP'!A:C,3,FALSE) -> UN
B101: 2.0 | C101: MESO E MICRO DRENAGEM PLUVIAL
O102: =320/25 -> 12.8
C103: TABELA | F103: LARGURA DE VALAS - PADRÃO EMOP
C104: TUBO | F104: BOLSA + PAREDE | G104: TUBO | H104: LARG. EMOP | I104: LARG. TOTAL
C105: Ø 400mm | F105: 0.2 | G105: 0.4 | H105: 0.6 | I105: 1.2
C106: Ø 500mm | F106: 0.2 | G106: 0.5 | H106: 0.6 | I106: 1.3
C107: Ø 600mm | F107: 0.3 | G107: 0.6 | H107: 0.6 | I107: 1.5
C108: Ø 700mm | F108: 0.3 | G108: 0.7 | H108: 0.6 | I108: 1.6
C109: Ø 800mm | F109: 0.3 | G109: 0.8 | H109: 0.6 | I109: 1.7
B112: 2.1 | C112: 02.020.0009-A | D112: =VLOOKUP(C112,'DESCRIÇÃO EMOP'!A:B,2,FALSE) -> SEMAFORO PARA SINALIZACAO DE BLOQUEIO DE OBRA NA VIA PUBLICA,DE ACORDO COM A RESOLUCAO DA PREFEITURA-RJ,COMPREENDENDO FORNECIMENTO E COLOCACAO DE TODOS OS MATERIAIS NECESSARIOS,INCLUSIVE MATERIAIS ELETRICOS,CONSIDERANDO 40 VEZES O REAPROVEITAMENTO DA MADEIRA
G113: Ruas | I113: Und. / Rua | L113: Etapas
C114: =G114*I114*L114 -> 18 | D114: = | G114: 1 | H114: X | I114: 3 | J114: X | L114: 6
C115: =C114 -> 18 | D115: =VLOOKUP(C112,'DESCRIÇÃO EMOP'!A:C,3,FALSE) -> UN | E115: TOTAL DOS SERVIÇOS
B117: 2.2 | C117: 02.030.0005-A | D117: =VLOOKUP(C117,'DESCRIÇÃO EMOP'!A:B,2,FALSE) -> PLACA DE SINALIZACAO PREVENTIVA PARA OBRA NA VIA PUBLICA,DEACORDO COM A RESOLUCAO DA PREFEITURA-RJ, COMPREENDENDO FORNECIMENTO E PINTURA DA PLACA E DOS SUPORTES DE MADEIRA.FORNECIMENTO E COLOCACAO
F118: Extensão de rede | H118: Distancia
C119: =F119/H119 -> 10 | D119: = | F119: =F124 -> 320 | G119: / | H119: 32
C120: =C119 -> 10 | D120: =VLOOKUP(C117,'DESCRIÇÃO EMOP'!A:C,3,FALSE) -> UN | E120: TOTAL DOS SERVIÇOS
B122: 2.3 | C122: 02.011.0014-A | D122: =VLOOKUP(C122,'DESCRIÇÃO EMOP'!A:B,2,FALSE) -> CERCA PROTETORA DE BORDA DE VALA OU OBRA,COM TELA PLASTICA NA COR LARANJA OU AMARELA,CONSIDERANDO 1 VEZ DE UTILIZACAO,INCLUSIVE APOIOS,FORNECIMENTO,COLOCACAO E RETIRADA
F123: Extensão de rede | H123: Lados | J123: altura
C124: =F124*H124*J124 -> 640 | D124: = | F124: =C303+C308+C312+C316+C327 -> 320 | G124: X | H124: 2 | I124: X | J124: 1
C125: =C124 -> 640 | D125: =VLOOKUP(C122,'DESCRIÇÃO EMOP'!A:C,3,FALSE) -> M2 | E125: TOTAL DOS SERVIÇOS
B128: 2.4 | C128: 02.020.0005-A | D128: =VLOOKUP(C128,'DESCRIÇÃO EMOP'!A:B,2,FALSE) -> BARRAGEM DE BLOQUEIO DE OBRA NA VIA PUBLICA,DE ACORDO COM ARESOLUCAO DA PREFEITURA-RJ,COMPREENDENDO FORNECIMENTO,COLOCACAO E PINTURA DOS SUPORTES DE MADEIRA COM REAPROVEITAMENTO DO CONJUNTO 40 (QUARENTA) VEZES
G132: Extensão (m) | I132: Und. a cada
C133: 0 | D133: = | G133: =F119 -> 320 | H133: / | I133: 50 | J133: X | K133: 7
C135: =ROUND(F135/H135,2) -> 12.8 | D135: =VLOOKUP(C128,'DESCRIÇÃO EMOP'!A:C,3,FALSE) -> M | E135: TOTAL DOS SERVIÇOS | F135: 320 | H135: 25
C136: 0
B138: 2.4 | C138: 03.001.0001-B | D138: =VLOOKUP(C138,'DESCRIÇÃO EMOP'!A:B,2,FALSE) -> ESCAVACAO MANUAL DE VALA/CAVA EM MATERIAL DE 1ª CATEGORIA (A(AREIA,ARGILA OU PICARRA),ATE 1,50M DE PROFUNDIDADE,EXCLUSIVE ESCORAMENTO E ESGOTAMENTO
H139: Comprimento | J139: Largura | L139: Altura
D140: = | E140: tubo 400 | J140: 1.2 | L140: 1.5
C141: =H141*J141*L141 -> 129.6 | D141: = | E141: ramal de ralo | H141: 72 | I141: X | J141: 1.2 | K141: X | L141: 1.5
...

Sheet Anexo VI
B2: ESTADO DO RIO DE JANEIRO
B3: PREFEITURA MUNICIPAL DE SÃO GONÇALO
B4: SECRETARIA MUNICIPAL DE DESENVOLVIMENTO URBANO
A5: CRONOGRAMA FÍSICO-FINANCEIRO
A6: SERVIÇOS DE COMPLEMENTAÇÃO DE INFRAESTRUTURA INCLUINDO OS SERVIÇOS DE DRENAGEM E PAVIMENTAÇÃO DO ACESSO A AV. FRANCISCO DE AZEREDO COUTINHO - SITUADO EM TRECHO DA NA AV. EUGENIO BORGES JUNTO A RJ 106 - BAIRRO IPIIBA , MUNICIPIO DE SÃO GONÇALO – RJ.
A9: METAS | C9: VALOR PREVISTO (R$) | D9: ETAPAS
D10: Etapa | E10: Etapa | F10: Etapa | G10: Etapa | H10: Etapa | I10: Etapa | J10: Etapa | K10: Etapa
A11: ITENS DE OBRAS / SERVIÇOS | D11: 1 | E11: 2 | F11: 3 | G11: 4 | H11: 5 | I11: 6 | J11: 7 | K11: 8
A13: 1 - SERVIÇOS DE LABORATÓRIO ESCRITÓRIO E CAMPO | B13: % | C13: =SUM(D13:I13) -> 1 | D13: 0.15 | E13: 0.15 | F13: 0.25 | G13: 0.2 | H13: 0.15 | I13: 0.1 | M13: =SUM(D13:L13) -> 1
B14: valor R$ | C14: ='Anexo IV'!H11 -> 400134.47 | D14: =$C$14*D13 -> 60020.17 | E14: =$C$14*E13 -> 60020.17 | F14: =$C$14*F13 -> 100033.62 | G14: =$C$14*G13 -> 80026.894 | H14: =$C$14*H13 -> 60020.17 | I14: =$C$14*I13 -> 40013.447 | J14: =$C$14*J13 -> 0 | K14: =$C$14*K13 -> 0 | M14: =SUM(D14:L14) -> 400134.47
A15: 2 - DRENAGEM PLUVIAL | B15: % | C15: =SUM(D15:I15) -> 1 | D15: 0.2 | E15: 0.25 | F15: 0.25 | G15: 0.15 | H15: 0.1 | I15: 0.05 | M15: =SUM(D15:L15) -> 1
B16: valor R$ | C16: ='Anexo IV'!H27 -> 649790.75 | D16: =$C$16*D15 -> 129958.15 | E16: =$C$16*E15 -> 162447.69 | F16: =$C$16*F15 -> 162447.69 | G16: =$C$16*G15 -> 97468.613 | H16: =$C$16*H15 -> 64979.075 | I16: =$C$16*I15 -> 32489.538 | J16: =$C$16*J15 -> 0 | K16: =$C$16*K15 -> 0 | M16: =SUM(D16:L16) -> 649790.75
A17: 3 - PAVIMENTAÇÃO | B17: % | C17: =SUM(D17:I17) -> 1 | E17: 0.15 | F17: 0.2 | G17: 0.3 | H17: 0.25 | I17: 0.1 | M17: =SUM(D17:L17) -> 1
B18: Valor R$ | C18: ='Anexo IV'!H59 -> 1652519.9 | D18: =$C$18*D17 -> 0 | E18: =$C$18*E17 -> 247877.99 | F18: =$C$18*F17 -> 330503.99 | G18: =$C$18*G17 -> 495755.98 | H18: =$C$18*H17 -> 413129.98 | I18: =$C$18*I17 -> 165251.99 | J18: =$C$18*J17 -> 0 | K18: =$C$18*K17 -> 0 | M18: =SUM(D18:L18) -> 1652519.9
A20: BDI | B20: % | J20: =J21/$C$21 -> #REF! | M20: =SUM(D20:L20) -> #REF!
B21: valor R$ | C21: ='Anexo IV'!H82 -> 772088.57 | D21: =(D14+D16+D18)*'Anexo IV'!$G$82 -> 54276.806 | E21: =(E14+E16+E18)*'Anexo IV'!$G$82 -> 134377.81 | F21: =(F14+F16+F18)*'Anexo IV'!$G$82 -> 169415.9 | G21: =(G14+G16+G18)*'Anexo IV'!$G$82 -> 192347.95 | H21: =(H14+H16+H18)*'Anexo IV'!$G$82 -> 153743.52 | I21: =(I14+I16+I18)*'Anexo IV'!$G$82 -> 67926.597 | J21: =(J14+J16+J18+#REF!+#REF!)*#REF! -> #REF! | K21: =(K14+K16+K18+#REF!+#REF!)*#REF! -> #REF! | M21: =SUM(D21:L21) -> #REF!
B22: Valor R$ | C22: TOTAL MENSAL | D22: =D14+D16+D18+D21 -> 244255.13 | E22: =E14+E16+E18+E21 -> 604723.66 | F22: =F14+F16+F18+F21 -> 762401.19 | G22: =G14+G16+G18+G21 -> 865599.43 | H22: =H14+H16+H18+H21 -> 691872.75 | I22: =I14+I16+I18+I21 -> 305681.57 | J22: =J14+J16+J18+#REF!+#REF!+J21 -> #REF! | K22: =K14+K16+K18+#REF!+#REF!+K21 -> #REF!
A23: TOTAL ACUMULADO | B23: Valor R$ | C23: =C14+C16+C18+C21 -> 3474533.7 | D23: =D22 -> 244255.13 | E23: =D23+E22 -> 848978.78 | F23: =E23+F22 -> 1611380 | G23: =F23+G22 -> 2476979.4 | H23: =G23+H22 -> 3168852.2 | I23: =H23+I22 -> 3474533.7 | J23: =I23+J22 -> #REF! | K23: =J23+K22 -> #REF!
A26: PERCENTUAL | D26: =+D22/$C$23 -> 0.070298678 | E26: =+E22/$C$23 -> 0.17404455 | F26: =+F22/$C$23 -> 0.21942547 | G26: =+G22/$C$23 -> 0.24912679 | H26: =+H22/$C$23 -> 0.19912679 | I26: =+I22/$C$23 -> 0.087977726 | J26: =+J22/$C$23 -> #REF! | K26: =+K22/$C$23 -> #REF!
A27: PERCENTUAL ACUMULADO | D27: =+D26 -> 0.070298678 | E27: =+D27+E26 -> 0.24434323 | F27: =+E27+F26 -> 0.4637687 | G27: =+F27+G26 -> 0.71289549 | H27: =+G27+H26 -> 0.91202228 | I27: =+H27+I26 -> 1 | J27: =+I27+J26 -> #REF! | K27: =+J27+K26 -> #REF!

Sheet Anexo VII
I2: Grau de Sigilo
I3: #PUBLICO
C6: Secretaria Municipal de Desenvolvimento Urbano
E7: Quadro de Composição do BDI
A8: Nº OPERAÇÃO | C8: C. REPASSE | E8: PROPONENTE / TOMADOR
E9: PREFEITURA MUNICIPAL DE SÃO GONÇALO
A11: APELIDO DO EMPREENDIMENTO / DESCRIÇÃO DO LOTE
A12: DRENAGEM E PAVIMENTAÇÃO ACESSO IPIÍBA
A14: Conforme legislação tributária municipal, definir estimativa de percentual da base de cálculo para o ISS: | I14: 1
A15: Sobre a base de cálculo, definir a respectiva alíquota do ISS (entre 2% e 5%): | I15: 0.05
A18: BDI
A20: TIPO DE OBRA
A21: Construção de Praças Urbanas, Rodovias, Ferrovias e recapeamento e pavimentação de vias urbanas
A23: Itens | I23: Siglas | J23: % Adotado
A25: Administração Central | I25: AC | J25: 0.04
A26: Seguro e Garantia | I26: SG | J26: 0.01
A27: Risco | I27: R | J27: 0.005
A28: Despesas Financeiras | I28: DF | J28: 0.008
A29: Lucro | I29: L | J29: 0.05
A30: Tributos (impostos COFINS 3%, e PIS 0,65%) | I30: CP | J30: 0.0365
A31: Tributos (ISS, variável de acordo com o município) | I31: ISS | J31: 0.05
A32: Tributos (Contribuição Previdenciária sobre a Receita Bruta - 0% ou 4,5% - Desoneração) | I32: CPRB | J32: 0.045
A33: BDI COM desoneração (Fórmula Acórdão TCU) | I33: BDI PAD | J33: 0.2857
A36: Os valores de BDI foram calculados com o emprego da fórmula:
D37: BDI = | E37: (1+AC + S + R + G)*(1 + DF)*(1+L) | H37: - 1
E38: (1-CP-ISS-CRPB)
A40: Declaro para os devidos fins que, conforme legislação tributária municipal, a base de cálculo deste tipo de obra corresponde à 5%, com a respectiva alíquota de 5%.
A42: Declaro para os devidos fins que o regime de Contribuição Previdenciária sobre a Receita Bruta adotado para elaboração do orçamento foi COM Desoneração, e que esta é a alternativa mais adequada para a Administração Pública.
A44: Observações:

Sheet Anexo VIII
C2: PREFEITURA MUNICIPAL DE SÃO GONÇALO
C3: SECRETARIA MUNICIPAL DE DESENVOLVIMENTO URBANO
C5: OBRA: | D5: URBANIZAÇÃO, DRENAGEM E PAVIMENTAÇÃO ACESSO AV. FRANCISCO AZEREDO COUTINHO - IPIÍBA, SG.
C6: BAIRRO: | D6: IPIÍBA
B8: ANEXO VIII - CRONOGRAMA DE DESEMBOLSO MÁXIMO FINANCEIRO
D15: PERCENTUAL | F15: VALOR CORRESPONDENTE
C16: ETAPAS | D16: ( % ) | F16: (R$)
D17: Parcial | E17: Acum. | F17: Parcial | G17: Acum.
C18: 1º | D18: ='Anexo VI'!D26 -> 0.070298678 | E18: =D18 -> 0.070298678 | F18: ='Anexo VI'!D22 -> 244255.13 | G18: =F18 -> 244255.13
C19: 2º | D19: ='Anexo VI'!E26 -> 0.17404455 | E19: =E18+D19 -> 0.24434323 | F19: ='Anexo VI'!E22 -> 604723.66 | G19: =F19+G18 -> 848978.78
C20: 3º | D20: ='Anexo VI'!F26 -> 0.21942547 | E20: =E19+D20 -> 0.4637687 | F20: ='Anexo VI'!F22 -> 762401.19 | G20: =F20+G19 -> 1611380
C21: 4º | D21: ='Anexo VI'!G26 -> 0.24912679 | E21: =E20+D21 -> 0.71289549 | F21: ='Anexo VI'!G22 -> 865599.43 | G21: =F21+G20 -> 2476979.4
C22: 5º | D22: ='Anexo VI'!H26 -> 0.19912679 | E22: =E21+D22 -> 0.91202228 | F22: ='Anexo VI'!H22 -> 691872.75 | G22: =F22+G21 -> 3168852.2
C23: 6º | D23: ='Anexo VI'!I26 -> 0.087977726 | E23: =E22+D23 -> 1 | F23: ='Anexo VI'!I22 -> 305681.57 | G23: =F23+G22 -> 3474533.7

Sheet EMOP 07-22
A1: CODIGO | B1: PRECO
A2: 01.001.0001-0 | B2: 183.66
A3: 01.001.0001-A | B3: 169.01
A4: 01.001.0002-0 | B4: 183.66
A5: 01.001.0002-A | B5: 169.01
A6: 01.001.0003-0 | B6: 107.22
A7: 01.001.0003-A | B7: 98.66
A8: 01.001.0004-0 | B8: 207.12
A9: 01.001.0004-A | B9: 190.6
A10: 01.001.0005-0 | B10: 480.79
A11: 01.001.0005-A | B11: 442.43
A12: 01.001.0006-0 | B12: 253.63
A13: 01.001.0006-A | B13: 233.4
... A22800: TC.09.05.0700/ | B22800: 15

Sheet DESCRIÇÃO EMOP
A1: CODIGO | B1: DESCRIÇÃO | C1: UNID | E1: PRECO
A2: 01.001.0001-0 | B2: LIMITE DE PLASTICIDADE | C2: UN | D2: =LOWER(C2) -> un | E2: 175.38
A3: 01.001.0001-A | B3: LIMITE DE PLASTICIDADE | C3: UN | D3: =LOWER(C3) -> un | E3: 161.56
A4: 01.001.0002-0 | B4: LIMITE DE LIQUIDEZ | C4: UN | D4: =LOWER(C4) -> un | E4: 175.38
A5: 01.001.0002-A | B5: LIMITE DE LIQUIDEZ | C5: UN | D5: =LOWER(C5) -> un | E5: 161.56
A6: 01.001.0003-0 | B6: LIMITE DE CONTRACAO | C6: UN | D6: =LOWER(C6) -> un | E6: 102.38
A7: 01.001.0003-A | B7: LIMITE DE CONTRACAO | C7: UN | D7: =LOWER(C7) -> un | E7: 94.31
A8: 01.001.0004-0 | B8: ANALISE GRANULOMETRICA SEM SEDIMENTACAO (PENEIRAMENTO) | C8: UN | D8: =LOWER(C8) -> un | E8: 197.78
A9: 01.001.0004-A | B9: ANALISE GRANULOMETRICA SEM SEDIMENTACAO (PENEIRAMENTO) | C9: UN | D9: =LOWER(C9) -> un | E9: 182.19
A10: 01.001.0005-0 | B10: ANALISE GRANULOMETRICA COM SEDIMENTACAO | C10: UN | D10: =LOWER(C10) -> un | E10: 459.1
A11: 01.001.0005-A | B11: ANALISE GRANULOMETRICA COM SEDIMENTACAO | C11: UN | D11: =LOWER(C11) -> un | E11: 422.92
A12: 01.001.0006-0 | B12: MASSA ESPECIFICA REAL | C12: UN | D12: =LOWER(C12) -> un | E12: 242.19
A13: 01.001.0006-A | B13: MASSA ESPECIFICA REAL | C13: UN | D13: =LOWER(C13) -> un | E13: 223.11
... A1761: 01.050.0751-A | B1761: MAO-DE-OBRA DE ANALISTA AMBIENTAL,PARA SERVICOS DE CONSULTORIA DE ENGENHARIA E ARQUITETURA,INCLUSIVE ENCARGOS SOCIAIS | C1761: MES | D1761: =LOWER(C1761) -> mes | E1761: 14402.08
A1762: 01.050.9999-0 | B1762: FAMILIA 01.050PROJETOS E CONSULTORIA | D1762: =LOWER(C1762) | E1762: 5018
A1763: 01.050.9999-A | B1763: FAMILIA 01.050PROJETOS E CONSULTORIA | D1763: =LOWER(C1763) | E1763: 4605
A1764: 02.001.0001-0 | B1764: TAPUME DE VEDACAO OU PROTECAO,EXECUTADO C/CHAPAS DE MADEIRACOMPENSADA,RESINADA,LISA,DE COLAGEM FENOLICA,A PROVA D`AGUA,COM 2,20X1,10M E 6MM DE ESPESSURA,PREGADAS EM PECAS DE MADEIRA DE 3ª DE 3"X3" HORIZONTAIS E VERTICAIS A CADA 1,22M,EXCLUSIVE PINTURA | C1764: M2 | D1764: =LOWER(C1764) -> m2 | E1764: 74.21
A1765: 02.001.0001-A | B1765: TAPUME DE VEDACAO OU PROTECAO,EXECUTADO C/CHAPAS DE MADEIRACOMPENSADA,RESINADA,LISA,DE COLAGEM FENOLICA,A PROVA D`AGUA,COM 2,20X1,10M E 6MM DE ESPESSURA,PREGADAS EM PECAS DE MADEIRA DE 3ª DE 3"X3" HORIZONTAIS E VERTICAIS A CADA 1,22M,EXCLUSIVE PINTURA | C1765: M2 | D1765: =LOWER(C1765) -> m2 | E1765: 69.69
A1766: 02.001.0002-0 | B1766: TAPUME DE VEDACAO OU PROTECAO,EXECUTADO C/CHAPAS DE MADEIRACOMPENSADA,RESINADA,LISA,DE COLAGEM FENOLICA,A PROVA D`AGUA,COM 2,20X1,10M E 6MM DE ESPESSURA,PREGADAS EM PECAS DE MADEIRA DE 3ª DE 3"X3" HORIZONTAIS E VERTICAIS A CADA 1,22M,EXCLUSIVE PINTURA,COM UTILIZACAO 2 VEZES | C1766: M2 | D1766: =LOWER(C1766) -> m2 | E1766: 53.97
A1767: 02.001.0002-A | B1767: TAPUME DE VEDACAO OU PROTECAO,EXECUTADO C/CHAPAS DE MADEIRACOMPENSADA,RESINADA,LISA,DE COLAGEM FENOLICA,A PROVA D`AGUA,COM 2,20X1,10M E 6MM DE ESPESSURA,PREGADAS EM PECAS DE MADEIRA DE 3ª DE 3"X3" HORIZONTAIS E VERTICAIS A CADA 1,22M,EXCLUSIVE PINTURA,COM UTILIZACAO 2 VEZES | C1767: M2 | D1767: =LOWER(C1767) -> m2 | E1767: 49.44
A1768: 02.001.0003-0 | B1768: TAPUME DE VEDACAO OU PROTECAO,EXECUTADO COM CHAPAS DE MADEIRA COMPENSADA,RESINADA,LISA,DE COLAGEM FENOLICA,A PROVA D'AGUA,COM 2,20X1,10M E 10MM DE ESPESSURA,PREGADAS EM PECAS DE MADEIRA DE 3ª DE 3"X3" HORIZONTAIS E VERTICAIS A CADA 1,22M,EXCLUSIVE PINTURA,COM REAPROVEITAMENTO 10 VEZES DE TODAS AS PECAS DE MADEIRA | C1768: M2 | D1768: =LOWER(C1768) -> m2 | E1768: 40.12
A1769: 02.001.0003-A | B1769: TAPUME DE VEDACAO OU PROTECAO,EXECUTADO COM CHAPAS DE MADEIRA COMPENSADA,RESINADA,LISA,DE COLAGEM FENOLICA,A PROVA D'AGUA,COM 2,20X1,10M E 10MM DE ESPESSURA,PREGADAS EM PECAS DE MADEIRA DE 3ª DE 3"X3" HORIZONTAIS E VERTICAIS A CADA 1,22M,EXCLUSIVE PINTURA,COM REAPROVEITAMENTO 10 VEZES DE TODAS AS PECAS DE MADEIRA | C1769: M2 | D1769: =LOWER(C1769) -> m2 | E1769: 35.6
A1770: 02.002.0005-0 | B1770: TAPUME DE VEDACAO OU PROTECAO,EXECUTADO COM TELHAS TRAPEZOIDAIS DE ACO GALVANIZADO,ESPESSURA DE 0,5MM,ESTAS COM 4 VEZESDE UTILIZACAO,INCLUSIVE ENGRADAMENTO DE MADEIRA,UTILIZADO 2VEZES E PINTURA ESMALTE SINTETICO NA FACE EXTERNA | C1770: M2 | D1770: =LOWER(C1770) -> m2 | E1770: 38.37
A1771: 02.002.0005-A | B1771: TAPUME DE VEDACAO OU PROTECAO,EXECUTADO COM TELHAS TRAPEZOIDAIS DE ACO GALVANIZADO,ESPESSURA DE 0,5MM,ESTAS COM 4 VEZESDE UTILIZACAO,INCLUSIVE ENGRADAMENTO DE MADEIRA,UTILIZADO 2VEZES E PINTURA ESMALTE SINTETICO NA FACE EXTERNA | C1771: M2 | D1771: =LOWER(C1771) -> m2 | E1771: 36.61
A1772: 02.002.0006-0 | B1772: TAPUME DE VEDACAO OU PROTECAO EXECUTADO COM TELHAS TRAPEZOIDAIS DE ACO GALVANIZADO,ESPESSURA DE 0,5MM,ESTAS COM 4 VEZESDE UTILIZACAO,INCLUSIVE ENGRADAMENTO DE MADEIRA,UTILIZADO 2VEZES E PINTURA ESMALTE SINTETICO NAS FACES INTERNA E EXTERNA | C1772: M2 | D1772: =LOWER(C1772) -> m2 | E1772: 48.08
A1773: 02.002.0006-A | B1773: TAPUME DE VEDACAO OU PROTECAO EXECUTADO COM TELHAS TRAPEZOIDAIS DE ACO GALVANIZADO,ESPESSURA DE 0,5MM,ESTAS COM 4 VEZESDE UTILIZACAO,INCLUSIVE ENGRADAMENTO DE MADEIRA,UTILIZADO 2VEZES E PINTURA ESMALTE SINTETICO NAS FACES INTERNA E EXTERNA | C1773: M2 | D1773: =LOWER(C1773) -> m2 | E1773: 45.69
A1774: 02.002.0007-0 | B1774: TAPUME DE VEDACAO OU PROTECAO EXECUTADO COM TELHAS TRAPEZOIDAIS DE ACO GALVANIZADO,ESPESSURA DE 0,5MM,ESTAS COM 4 VEZESDE UTILIZACAO,INCLUSIVE ENGRADAMENTO DE MADEIRA,UTILIZADO 2VEZES,EXCLUSIVE PINTURA | C1774: M2 | D1774: =LOWER(C1774) -> m2 | E1774: 28.66
A1775: 02.002.0007-A | B1775: TAPUME DE VEDACAO OU PROTECAO EXECUTADO COM TELHAS TRAPEZOIDAIS DE ACO GALVANIZADO,ESPESSURA DE 0,5MM,ESTAS COM 4 VEZESDE UTILIZACAO,INCLUSIVE ENGRADAMENTO DE MADEIRA,UTILIZADO 2VEZES,EXCLUSIVE PINTURA | C1775: M2 | D1775: =LOWER(C1775) -> m2 | E1775: 27.53
... A3767: 05.100.0900-A | B3767: UNIDADE REF.P/COMPL.ADM LOCAL,CONSID:CONSUMO AGUA,TEL.ENERGIA ELETRICA,MAT.LIMPEZA E ESCRITORIO,COMPUTADORES,LICENCA OBRA,MOVEIS E UTENSILIOS,AR COND.BEBEDOURO,ART,RRT,FOTOGRAFIASUNIFORMES,DIARIAS,EXAMES ADMISSIONAIS PERIODICOS E DEMISSIONAIS,CURSO CAPACITACAO/TREINAMENTO E ITENS COMPLEMENTEM AS DESP.NECESS.EXCL.DESPESAS SUBSIDIOS ALIM.E TRANSPORTE PESSOAL | C3767: UR | D3767: =LOWER(C3767) -> ur | E3767: 240
A3768: 05.100.9999-0 | B3768: INDICE GERAL DA CONSTRUCAO CIVIL (PREDIOS PUBLICOS) | D3768: =LOWER(C3768) | E3768: 6.96
A3769: 05.100.9999-A | B3769: INDICE GERAL DA CONSTRUCAO CIVIL (PREDIOS PUBLICOS) | D3769: =LOWER(C3769) | E3769: 6.96
A3770: 05.103.9999-0 | B3770: INDICE GERAL PARA FORNECIMENTO DE MATERIAIS DA CONSTRUCAO CIVIL | D3770: =LOWER(C3770) | E3770: 30.35
A3771: 05.103.9999-A | B3771: INDICE GERAL PARA FORNECIMENTO DE MATERIAIS DA CONSTRUCAO CIVIL | D3771: =LOWER(C3771) | E3771: 30.35
A3772: 05.105.0100-0 | B3772: MAO-DE-OBRA DE VIGIA,INCLUSIVE ENCARGOS SOCIAIS | C3772: MES | D3772: =LOWER(C3772) -> mes | E3772: 6663
A3773: 05.105.0100-A | B3773: MAO-DE-OBRA DE VIGIA,INCLUSIVE ENCARGOS SOCIAIS | C3773: MES | D3773: =LOWER(C3773) -> mes | E3773: 6054
A3774: 05.105.0101-0 | B3774: MAO-DE-OBRA DE MARCENEIRO,INCLUSIVE ENCARGOS SOCIAIS | C3774: MES | D3774: =LOWER(C3774) -> mes | E3774: 5077
A3775: 05.105.0101-A | B3775: MAO-DE-OBRA DE MARCENEIRO,INCLUSIVE ENCARGOS SOCIAIS | C3775: MES | D3775: =LOWER(C3775) -> mes | E3775: 5077
A3776: 05.105.0102-0 | B3776: MAO-DE-OBRA DE SERRALHEIRO DE CONSTRUCAO CIVIL,INCLUSIVE ENCARGOS SOCIAIS | C3776: MES | D3776: =LOWER(C3776) -> mes | E3776: 3067.68
A3777: 05.105.0102-A | B3777: MAO-DE-OBRA DE SERRALHEIRO DE CONSTRUCAO CIVIL,INCLUSIVE ENCARGOS SOCIAIS | C3777: MES | D3777: =LOWER(C3777) -> mes | E3777: 2659.36
A3778: 05.105.0103-0 | B3778: MAO-DE-OBRA DE PINTOR,INCLUSIVE ENCARGOS SOCIAIS | C3778: MES | D3778: =LOWER(C3778) -> mes | E3778: 5566.88
A3779: 05.105.0103-A | B3779: MAO-DE-OBRA DE PINTOR,INCLUSIVE ENCARGOS SOCIAIS | C3779: MES | D3779: =LOWER(C3779) -> mes | E3779: 4822.4
A3780: 05.105.0104-0 | B3780: MAO-DE-OBRA DE GESSEIRO,INCLUSIVE ENCARGOS SOCIAIS | C3780: MES | D3780: =LOWER(C3780) -> mes | E3780: 4331.36
A3781: 05.105.0104-A | B3781: MAO-DE-OBRA DE GESSEIRO,INCLUSIVE ENCARGOS SOCIAIS | C3781: MES | D3781: =LOWER(C3781) -> mes | E3781: 3754.08
A3782: 05.105.0105-0 | B3782: MAO-DE-OBRA DE LADRILHEIRO,INCLUSIVE ENCARGOS SOCIAIS | C3782: MES | D3782: =LOWER(C3782) -> mes | E3782: 4023.36
A3783: 05.105.0105-A | B3783: MAO-DE-OBRA DE LADRILHEIRO,INCLUSIVE ENCARGOS SOCIAIS | C3783: MES | D3783: =LOWER(C3783) -> mes | E3783: 3486.56
... A3933: 05.105.0207-A | B3933: SERVICO DE VIGILANCIA COM VIGIA DE OBRA,PARA 4 POSTOS,CONSIDERANDO APENAS O CUSTO APOS A JORNADA NORMAL DE TRABALHO.O CUSTO INCLUI VIGILANCIA AOS SABADOS,DOMINGOS E FERIADOS | C3933: MES | D3933: =LOWER(C3933) -> mes | E3933: 19324.78
A3934: 05.105.9999-0 | B3934: INDICE DE SALARIO DA CONSTRUCAO CIVIL | D3934: =LOWER(C3934) | E3934: 33437.88
A3935: 05.105.9999-A | B3935: INDICE DE SALARIO DA CONSTRUCAO CIVIL | D3935: =LOWER(C3935) | E3935: 28987.17
A3936: 05.205.0010-0 | B3936: SERVICO DE VIGILANCIA ARMADA OU DESARMADA 24H/DIA,PARA 1 POSTO | C3936: MES | D3936: =LOWER(C3936) -> mes | E3936: 44583.84
A3937: 05.205.0010-A | B3937: SERVICO DE VIGILANCIA ARMADA OU DESARMADA 24H/DIA,PARA 1 POSTO | C3937: MES | D3937: =LOWER(C3937) -> mes | E3937: 38649.56
A3938: 05.205.0011-0 | B3938: SERVICO DE VIGILANCIA ARMADA OU DESARMADA 24H/DIA,PARA 2 POSTOS | C3938: MES | D3938: =LOWER(C3938) -> mes | E3938: 9014
A3939: 05.205.0011-A | B3939: SERVICO DE VIGILANCIA ARMADA OU DESARMADA 24H/DIA,PARA 2 POSTOS | C3939: MES | D3939: =LOWER(C3939) -> mes | E3939: 7811
A3940: 05.205.0012-0 | B3940: SERVICO DE VIGILANCIA ARMADA OU DESARMADA 24H/DIA,PARA 3 POSTOS | C3940: MES | D3940: =LOWER(C3940) -> mes | E3940: 17906.62
A3941: 05.205.0012-A | B3941: SERVICO DE VIGILANCIA ARMADA OU DESARMADA 24H/DIA,PARA 3 POSTOS | C3941: MES | D3941: =LOWER(C3941) -> mes | E3941: 15513.57
A3942: 05.205.0013-0 | B3942: SERVICO DE VIGILANCIA ARMADA OU DESARMADA 24H/DIA,PARA 4 POSTOS | C3942: MES | D3942: =LOWER(C3942) -> mes | E3942: 35813.24
A3943: 05.205.0013-A | B3943: SERVICO DE VIGILANCIA ARMADA OU DESARMADA 24H/DIA,PARA 4 POSTOS | C3943: MES | D3943: =LOWER(C3943) -> mes | E3943: 31027.14
A3944: 05.205.0015-0 | B3944: SERVICO DE VIGILANCIA ARMADA OU DESARMADA,PARA 1 POSTO,CONSIDERANDO APENAS O CUSTO APOS A JORNADA NORMAL DE TRABALHO.O CUSTO INCLUI VIGILANCIA AOS SABADOS,DOMINGOS E FERIADOS | C3944: MES | D3944: =LOWER(C3944) -> mes | E3944: 53719.86
A3945: 05.205.0015-A | B3945: SERVICO DE VIGILANCIA ARMADA OU DESARMADA,PARA 1 POSTO,CONSIDERANDO APENAS O CUSTO APOS A JORNADA NORMAL DE TRABALHO.O CUSTO INCLUI VIGILANCIA AOS SABADOS,DOMINGOS E FERIADOS | C3945: MES | D3945: =LOWER(C3945) -> mes | E3945: 46540.71
A3946: 05.205.0016-0 | B3946: SERVICO DE VIGILANCIA ARMADA OU DESARMADA,PARA 2 POSTOS,CONSIDERANDO APENAS O CUSTO APOS A JORNADA NORMAL DE TRABALHO.O CUSTO INCLUI VIGILANCIA AOS SABADOS,DOMINGOS E FERIADOS | C3946: MES | D3946: =LOWER(C3946) -> mes | E3946: 71626.49
A3947: 05.205.0016-A | B3947: SERVICO DE VIGILANCIA ARMADA OU DESARMADA,PARA 2 POSTOS,CONSIDERANDO APENAS O CUSTO APOS A JORNADA NORMAL DE TRABALHO.O CUSTO INCLUI VIGILANCIA AOS SABADOS,DOMINGOS E FERIADOS | C3947: MES | D3947: =LOWER(C3947) -> mes | E3947: 62054.28
... A3951: 05.205.0018-A | B3951: SERVICO DE VIGILANCIA ARMADA OU DESARMADA,PARA 4 POSTOS,CONSIDERANDO APENAS O CUSTO APOS A JORNADA NORMAL DE TRABALHO.O CUSTO INCLUI VIGILANCIA AOS SABADOS,DOMINGOS E FERIADOS | C3951: MES | D3951: =LOWER(C3951) -> mes | E3951: 24044.07
A3952: 05.205.9999-0 | B3952: INDICE PARA SERVICOS DE SEGURANCA E VIGILANCIA | D3952: =LOWER(C3952) | E3952: 41629.49
A3953: 05.205.9999-A | B3953: INDICE PARA SERVICOS DE SEGURANCA E VIGILANCIA | D3953: =LOWER(C3953) | E3953: 36066.1
A3954: 06.001.0020-0 | B3954: ASSENTAMEMTO DE TUBOS DE CONCRETO SIMPLES,EXCLUSIVE FORNECIMENTO DESTES,PARA COLETOR DE AGUAS PLUVIAIS,COM DIAMETRO DE 200MM,ATERRO E SOCA ATE A ALTURA DA GERATRIZ SUPERIOR DO TUBO,CONSIDERANDO O MATERIAL DA PROPRIA ESCAVACAO,INCLUSIVE FORNECIMENTO DO MATERIAL PARA REJUNTAMENTO COM ARGAMASSA DE CIMENTO E AREIA,NO TRACO 1:4 E ACERTO DE FUNDO DE VALA | C3954: M | D3954: =LOWER(C3954) -> m | E3954: 55505.99
A3955: 06.001.0020-A | B3955: ASSENTAMEMTO DE TUBOS DE CONCRETO SIMPLES,EXCLUSIVE FORNECIMENTO DESTES,PARA COLETOR DE AGUAS PLUVIAIS,COM DIAMETRO DE 200MM,ATERRO E SOCA ATE A ALTURA DA GERATRIZ SUPERIOR DO TUBO,CONSIDERANDO O MATERIAL DA PROPRIA ESCAVACAO,INCLUSIVE FORNECIMENTO DO MATERIAL PARA REJUNTAMENTO COM ARGAMASSA DE CIMENTO E AREIA,NO TRACO 1:4 E ACERTO DE FUNDO DE VALA | C3955: M | D3955: =LOWER(C3955) -> m | E3955: 48088.14
A3956: 06.001.0022-0 | B3956: ASSENTAMENTO DE TUBOS DE CONCRETO SIMPLES,EXCLUSIVE FORNECIMENTO DESTES,PARA COLETOR DE AGUAS PLUVIAIS,COM DIAMETRO DE 300MM,ATERRO E SOCA ATE A ALTURA DA GERATRIZ SUPERIOR DO TUBO,CONSIDERANDO O MATERIAL DA PROPRIA ESCAVACAO,INCLUSIVE FORNECIMENTO DO MATERIAL PARA REJUNTAMENTO COM ARGAMASSA DE CIMENTO E AREIA,NO TRACO 1:4 E ACERTO DE FUNDO DE VALA | C3956: M | D3956: =LOWER(C3956) -> m | E3956: 5080
A3957: 06.001.0022-A | B3957: ASSENTAMENTO DE TUBOS DE CONCRETO SIMPLES,EXCLUSIVE FORNECIMENTO DESTES,PARA COLETOR DE AGUAS PLUVIAIS,COM DIAMETRO DE 300MM,ATERRO E SOCA ATE A ALTURA DA GERATRIZ SUPERIOR DO TUBO,CONSIDERANDO O MATERIAL DA PROPRIA ESCAVACAO,INCLUSIVE FORNECIMENTO DO MATERIAL PARA REJUNTAMENTO COM ARGAMASSA DE CIMENTO E AREIA,NO TRACO 1:4 E ACERTO DE FUNDO DE VALA | C3957: M | D3957: =LOWER(C3957) -> m | E3957: 4542
A3958: 06.001.0023-0 | B3958: ASSENTAMENTO DE TUBOS DE CONCRETO SIMPLES,EXCLUSIVE FORNECIMENTO DESTES,PARA COLETOR DE AGUAS PLUVIAIS,COM DIAMETRO DE 400MM,ATERRO E SOCA ATE A ALTURA DA GERATRIZ SUPERIOR DO TUBO,CONSIDERANDO O MATERIAL DA PROPRIA ESCAVACAO,INCLUSIVE FORNECIMENTO DO MATERIAL PARA REJUNTAMENTO COM ARGAMASSA DE CIMENTO AREIA,NO TRACO 1:4 E ACERTO DE FUNDO DE VALA | C3958: M | D3958: =LOWER(C3958) -> m | E3958: 28.3
A3959: 06.001.0023-A | B3959: ASSENTAMENTO DE TUBOS DE CONCRETO SIMPLES,EXCLUSIVE FORNECIMENTO DESTES,PARA COLETOR DE AGUAS PLUVIAIS,COM DIAMETRO DE 400MM,ATERRO E SOCA ATE A ALTURA DA GERATRIZ SUPERIOR DO TUBO,CONSIDERANDO O MATERIAL DA PROPRIA ESCAVACAO,INCLUSIVE FORNECIMENTO DO MATERIAL PARA REJUNTAMENTO COM ARGAMASSA DE CIMENTO AREIA,NO TRACO 1:4 E ACERTO DE FUNDO DE VALA | C3959: M | D3959: =LOWER(C3959) -> m | E3959: 24.57
A3960: 06.001.0024-0 | B3960: ASSENTAMENTO DE TUBOS DE CONCRETO SIMPLES,EXCLUSIVE FORNECIMENTO DESTES,PARA COLETOR DE AGUAS PLIVIAIS,COM DIAMETRO DE 500MM,ATERRO E SOCA ATE A ALTURA DA GERATRIZ SUPERIOR DO TUBO,CONSIDERANDO O MATERIAL DA PROPRIA ESCAVACAO,INCLUSIVE FORNECIMENTO DO MATERIAL PARA REJUNTAMENTO COM ARGAMASSA DE CIMENTO E AREIA,NO TRACO 1:4 E ACERTO DE FUNDO DE VALA | C3960: M | D3960: =LOWER(C3960) -> m | E3960: 41.43
A3961: 06.001.0024-A | B3961: ASSENTAMENTO DE TUBOS DE CONCRETO SIMPLES,EXCLUSIVE FORNECIMENTO DESTES,PARA COLETOR DE AGUAS PLIVIAIS,COM DIAMETRO DE 500MM,ATERRO E SOCA ATE A ALTURA DA GERATRIZ SUPERIOR DO TUBO,CONSIDERANDO O MATERIAL DA PROPRIA ESCAVACAO,INCLUSIVE FORNECIMENTO DO MATERIAL PARA REJUNTAMENTO COM ARGAMASSA DE CIMENTO E AREIA,NO TRACO 1:4 E ACERTO DE FUNDO DE VALA | C3961: M | D3961: =LOWER(C3961) -> m | E3961: 35.99
A3962: 06.001.0025-0 | B3962: ASSENTAMENTO DE TUBOS DE CONCRETO SIMPLES,EXCLUSIVE FORNECIMENTO DESTES,PARA COLETOR DE AGUAS PLUVIAIS,COM DIAMETRO DE 600MM,ATERRO E SOCA ATE A ALTURA DA GERATRIZ SUPERIOR DO TUBO,CONSIDERANDO O MATERIAL DA PROPRIA ESCAVACAO,INCLUSIVE FORNECIMENTO DO MATERIAL PARA REJUNTAMENTO COM ARGAMASSA DE CIMENTO E AREIA,NO TRACO 1:4 E ACERTO DE FUNDO DE VALA | C3962: M | D3962: =LOWER(C3962) -> m | E3962: 58.55
A3963: 06.001.0025-A | B3963: ASSENTAMENTO DE TUBOS DE CONCRETO SIMPLES,EXCLUSIVE FORNECIMENTO DESTES,PARA COLETOR DE AGUAS PLUVIAIS,COM DIAMETRO DE 600MM,ATERRO E SOCA ATE A ALTURA DA GERATRIZ SUPERIOR DO TUBO,CONSIDERANDO O MATERIAL DA PROPRIA ESCAVACAO,INCLUSIVE FORNECIMENTO DO MATERIAL PARA REJUNTAMENTO COM ARGAMASSA DE CIMENTO E AREIA,NO TRACO 1:4 E ACERTO DE FUNDO DE VALA | C3963: M | D3963: =LOWER(C3963) -> m | E3963: 51.34
A3964: 06.001.0030-0 | B3964: ASSENTAMENTO DE TUBOS DE CONCRETO ARMADO,EXCLUSIVE.FORN.DESTES,PARA COLETOR DE AGUAS PLUVIAIS,COM DIAMETRO DE 300MM,ATERRO E SOCA ATE A ALTURA DA GERATRIZ SUPERIOR DO TUBO,CONSIDERANDO O MATERIAL DA PROPRIA ESCAVACAO,INCLUSIVE FORNECIMENTODO MATERIAL PARA REJUNTAMENTO COM ARGAMASSA DE CIMENTO E AREIA,NO TRACO 1:4 E ACERTO DE FUNDO DE VALA | C3964: M | D3964: =LOWER(C3964) -> m | E3964: 75.07
A3965: 06.001.0030-A | B3965: ASSENTAMENTO DE TUBOS DE CONCRETO ARMADO,EXCLUSIVE.FORN.DESTES,PARA COLETOR DE AGUAS PLUVIAIS,COM DIAMETRO DE 300MM,ATERRO E SOCA ATE A ALTURA DA GERATRIZ SUPERIOR DO TUBO,CONSIDERANDO O MATERIAL DA PROPRIA ESCAVACAO,INCLUSIVE FORNECIMENTODO MATERIAL PARA REJUNTAMENTO COM ARGAMASSA DE CIMENTO E AREIA,NO TRACO 1:4 E ACERTO DE FUNDO DE VALA | C3965: M | D3965: =LOWER(C3965) -> m | E3965: 66.01
... A22675: 22.030.0060-A | B22675: REMOCAO DE ESPECIES VEGETAIS,PORTE MEDIO (ENTRE 4M E 6M DEALTURA),INCLUSIVE CARGA,DESCARGA E TRANSPORTE DO MATERIALATE 30KM | C22675: UN | D22675: =LOWER(C22675) -> un | E22675: 266.51
A22676: 22.030.0065-0 | B22676: REMOCAO DE ESPECIES VEGETAIS,PORTE GRANDE (ACIMA DE 6M DE ALTURA),INCLUSIVE CARGA,DESCARGA E TRANSPORTE DO MATERIAL ATE30KM | C22676: UN | D22676: =LOWER(C22676) -> un
A22677: 22.030.0065-A | B22677: REMOCAO DE ESPECIES VEGETAIS,PORTE GRANDE (ACIMA DE 6M DE ALTURA),INCLUSIVE CARGA,DESCARGA E TRANSPORTE DO MATERIAL ATE30KM | C22677: UN | D22677: =LOWER(C22677) -> un
A22678: 22.030.0070-0 | B22678: TRANSPLANTE DE VEGETAIS DE PORTE PEQUENO (ENTRE 2M E 4M DEALTURA),INCLUSIVE CARGA,DESCARGA E TRANSPORTE DO MATERIALATE 30KM | C22678: UN | D22678: =LOWER(C22678) -> un
A22679: 22.030.0070-A | B22679: TRANSPLANTE DE VEGETAIS DE PORTE PEQUENO (ENTRE 2M E 4M DEALTURA),INCLUSIVE CARGA,DESCARGA E TRANSPORTE DO MATERIALATE 30KM | C22679: UN | D22679: =LOWER(C22679) -> un
A22680: 22.030.0075-0 | B22680: DENDROCIRURGIA EM ESPECIES VEGETAIS DE QUALQUER NATUREZA | C22680: UN | D22680: =LOWER(C22680) -> un
A22681: 22.030.0075-A | B22681: DENDROCIRURGIA EM ESPECIES VEGETAIS DE QUALQUER NATUREZA | C22681: UN | D22681: =LOWER(C22681) -> un
A22682: 22.030.0080-0 | B22682: PINCELAMENTO EM LESAO DE ESPECIES VEGETAIS DE QUALQUER NATUREZA | C22682: UN | D22682: =LOWER(C22682) -> un
A22683: 22.030.0080-A | B22683: PINCELAMENTO EM LESAO DE ESPECIES VEGETAIS DE QUALQUER NATUREZA | C22683: UN | D22683: =LOWER(C22683) -> un
A22684: 22.030.0085-0 | B22684: RETUTORAMENTO DE ESPECIES VEGETAIS DE QUALQUER NATUREZA | C22684: UN | D22684: =LOWER(C22684) -> un
A22685: 22.030.0085-A | B22685: RETUTORAMENTO DE ESPECIES VEGETAIS DE QUALQUER NATUREZA | C22685: UN | D22685: =LOWER(C22685) -> un
A22686: 22.030.0090-0 | B22686: TRATAMENTO DE ARVORES COM LESOES ACIMA DE 0,50M²,COMPREENDENDO:RASPAGEM DO MATERIAL NECROSADO,APLICACAO DE FUNGICIDAS,INSETICIDAS,HORMONIOS E IMPERMEABILIZANTES,FECHAMENTO DAS CAVIDADES COM ESPUMA DE POLIURETANO COBERTA COM NATA DE CIMENTOE INCORPORACAO DE MATERIAIS PARA ENRIQUECIMENTO DO SOLO,EXCLUSIVE MAO-DE-OBRA | C22686: UN | D22686: =LOWER(C22686) -> un
A22687: 22.030.0090-A | B22687: TRATAMENTO DE ARVORES COM LESOES ACIMA DE 0,50M²,COMPREENDENDO:RASPAGEM DO MATERIAL NECROSADO,APLICACAO DE FUNGICIDAS,INSETICIDAS,HORMONIOS E IMPERMEABILIZANTES,FECHAMENTO DAS CAVIDADES COM ESPUMA DE POLIURETANO COBERTA COM NATA DE CIMENTOE INCORPORACAO DE MATERIAIS PARA ENRIQUECIMENTO DO SOLO,EXCLUSIVE MAO-DE-OBRA | C22687: UN | D22687: =LOWER(C22687) -> un
... A23015: 59.003.0060-B | B23015: CONCRETO DOSADO RACIONALMENTE PARA UMA RESISTENCIA A COMPRESSAO DE 15MPA,USANDO AGREGADO GRAUDO (BRITA 0),COMPREENDENDOAPENAS O FORNECIMENTO DOS MATERIAIS,INCLUSIVE 5% DE PERDAS. | C23015: M3 | D23015: =LOWER(C23015) -> m3
A23016: 22.020.0070-A | B23016: ABERTURA DE COVA DE 30X30X30CM,EM BANQUETA,EM ENCOSTA,INCLUSIVE MARCACAO
A23017: 22.020.0075-0 | B23017: ABERTURA DE COVA DE 15X15X15CM,INCLUINDO INCORPORACAO DE ESTERCO CURTIDO,PARA PLANTIO DE VEGETACAO REPTANTE EM AREA DERESTINGA PLANA
A23018: 22.020.0075-A | B23018: ABERTURA DE COVA DE 15X15X15CM,INCLUINDO INCORPORACAO DE ESTERCO CURTIDO,PARA PLANTIO DE VEGETACAO REPTANTE EM AREA DERESTINGA PLANA
A23019: 22.020.0080-0 | B23019: ABERTURA DE COVA DE 20X20X20CM,INCLUINDO INCORPORACAO DE ESTERCO CURTIDO,PARA PLANTIO DE VEGETACAO CACTACEAS EM AREA DERESTINGA PLANA
A23020: 22.020.0080-A | B23020: ABERTURA DE COVA DE 20X20X20CM,INCLUINDO INCORPORACAO DE ESTERCO CURTIDO,PARA PLANTIO DE VEGETACAO CACTACEAS EM AREA DERESTINGA PLANA
A23021: 22.020.0085-0 | B23021: ABERTURA DE COVA DE 30X30X30CM,INCLUINDO INCORPORACAO DE ESTERCO CURTIDO,PARA PLANTIO DE VEGETACAO ARBUSTIVA EM AREA DERESTINGA PLANA
A23022: 22.020.0085-A | B23022: ABERTURA DE COVA DE 30X30X30CM,INCLUINDO INCORPORACAO DE ESTERCO CURTIDO,PARA PLANTIO DE VEGETACAO ARBUSTIVA EM AREA DERESTINGA PLANA
A23023: 22.020.0090-0 | B23023: ABERTURA DE COVA DE 40X40X40CM,INCLUINDO INCORPORACAO DE ESTERCO CURTIDO,PARA PLANTIO DE VEGETACAO ARBUSTIVA EM AREA DERESTINGA PLANA
A23024: 22.020.0090-A | B23024: ABERTURA DE COVA DE 40X40X40CM,INCLUINDO INCORPORACAO DE ESTERCO CURTIDO,PARA PLANTIO DE VEGETACAO ARBUSTIVA EM AREA DERESTINGA PLANA
A23025: 22.020.0095-0 | B23025: ADUBACAO E CALAGEM,USANDO ADUBO ORGANICO/MINERAL,EM MUDAS PLANTADAS EM ENCOSTAS
A23026: 22.020.0095-A | B23026: ADUBACAO E CALAGEM,USANDO ADUBO ORGANICO/MINERAL,EM MUDAS PLANTADAS EM ENCOSTAS
...

Sheet ADM
A1: ORÇAMENTO: | B1: ='Anexo IV'!A5 -> SERVIÇOS DE COMPLEMENTAÇÃO DE INFRAESTRUTURA INCLUINDO OS SERVIÇOS DE DRENAGEM E PAVIMENTAÇÃO DO ACESSO A AV. FRANCISCO DE AZEREDO COUTINHO - SITUADO EM TRECHO DA NA AV. EUGENIO BORGES JUNTO A RJ 106 - BAIRRO IPIIBA , MUNICIPIO DE SÃO GONÇALO – RJ.
A2: MUNICÍPIO: | B2: SÃO GONÇALO
A3: LOCALIDADE: | B3: IPIÍBA
A4: CÓDIGO
F5: i0= 07/2022
F6: Unid: UR
A7: Administração Local do canteiro de obras: Mão de obra da administração local inclusive acompanhamento
A10: Elementos | B10: Código | C10: Preço | D10: Quant. | E10: meses | F10: Unidade | G10: Total
C11: Unitário R$ | M11: =G22/'Anexo IV'!H84*100 -> 8.3140388
A12: Engenheiro ou arquiteto senior | B12: 05.105.0131-A | C12: =VLOOKUP(B12,'EMOP 07-22'!A:B,2,FALSE) -> 31551.52 | D12: 0.5 | E12: 6 | F12: mês | G12: =+E12*C12*D12 -> 94654.56
G13: =+E13*C13*D13 -> 0
A14: Mestre de obras | B14: 05.105.0128-A | C14: =VLOOKUP(B14,'EMOP 07-22'!A:B,2,FALSE) -> 8449.76 | D14: 1 | E14: 6 | F14: mês | G14: =+E14*C14*D14 -> 50698.56
A15: Encarregado | B15: 05.105.0127-A | C15: =VLOOKUP(B15,'EMOP 07-22'!A:B,2,FALSE) -> 6149.44 | D15: 0 | E15: 6 | F15: mês | G15: =+E15*C15*D15 -> 0
A16: Vigia | B16: 05.105.0100-A | C16: =VLOOKUP(B16,'EMOP 07-22'!A:B,2,FALSE) -> 2817.76 | D16: 2 | E16: 6 | F16: mês | G16: =+E16*C16*D16 -> 33813.12
A17: Almoxarife | B17: 05.105.0122-A | C17: =VLOOKUP(B17,'EMOP 07-22'!A:B,2,FALSE) -> 4375.36 | D17: 1 | E17: 6 | F17: mês | G17: =+E17*C17*D17 -> 26252.16
A18: Apontador | B18: 05.105.0121-A | C18: =VLOOKUP(B18,'EMOP 07-22'!A:B,2,FALSE) -> 4375.36 | D18: 1 | E18: 6 | F18: mês | G18: =+E18*C18*D18 -> 26252.16
A19: Tecnico de Edificações | B19: 05.105.0144-A | C19: =VLOOKUP(B19,'EMOP 07-22'!A:B,2,FALSE) -> 6149.44 | D19: 1 | E19: 6 | F19: mês | G19: =+E19*C19*D19 -> 36896.64
A20: Auxiliar de escritório | B20: 05.105.0139-A | C20: =VLOOKUP(B20,'EMOP 07-22'!A:B,2,FALSE) -> 3384.48 | D20: 1 | E20: 6 | F20: mês | G20: =+E20*C20*D20 -> 20306.88
G22: =SUM(G12:G20) -> 288874.08
A25: SOMATORIO DA MÃO DE OBRA | B25: = | C25: =G22 -> 288874.08 | E25: / | F25: 100 | G25: = | H25: =C25/F25 -> 2888.7408
